Workbook

Sheet ICMS2 Building
A2: Unique ID | B2: Project Scope | C2: Cost Category (Level 2) | D2: Cost Group (Level 3) | E2: Cost Sub-Group (Level 4) | F2: Cost Sub Sub-Group (Level 5) | G2: Cost Category (Level 2) | H2: Cost Group (Level 3) | I2: Cost Sub-Group (Level 4) | J2: Cost Sub Sub-Group (Level 5)
A4: =B4&"."&C4&"."&D4&"."&E4&"."&F4 -> 01.1.00.000.000 | B4: 01 | C4: 1 | D4: 00 | E4: 000 | F4: 000 | G4: Acquisition Costs (AC)
A5: =B5&"."&C5&"."&D5&"."&E5&"."&F5 -> 01.1.01.000.000 | B5: 01 | C5: 1 | D5: 01 | E5: 000 | F5: 000 | G5: Acquisition Costs (AC) | H5: Site acquisition | K5: N
A6: =B6&"."&C6&"."&D6&"."&E6&"."&F6 -> 01.1.01.010.000 | B6: 01 | C6: 1 | D6: 01 | E6: 010 | F6: 000 | G6: Acquisition Costs (AC) | H6: Site acquisition | I6: Costs and premium required to procure site | K6: N
A7: =B7&"."&C7&"."&D7&"."&E7&"."&F7 -> 01.1.01.020.000 | B7: 01 | C7: 1 | D7: 01 | E7: 020 | F7: 000 | G7: Acquisition Costs (AC) | H7: Site acquisition | I7: Compensation to existing occupiers | K7: N
A8: =B8&"."&C8&"."&D8&"."&E8&"."&F8 -> 01.1.01.030.000 | B8: 01 | C8: 1 | D8: 01 | E8: 030 | F8: 000 | G8: Acquisition Costs (AC) | H8: Site acquisition | I8: Demolition, removal and modification of existing properties by way of payment to existing owners instead of carrying out physical work | K8: N
A9: =B9&"."&C9&"."&D9&"."&E9&"."&F9 -> 01.1.01.040.000 | B9: 01 | C9: 1 | D9: 01 | E9: 040 | F9: 000 | G9: Acquisition Costs (AC) | H9: Site acquisition | I9: Contributions for the preservation of heritage, culture and environment | K9: N
A10: =B10&"."&C10&"."&D10&"."&E10&"."&F10 -> 01.1.01.050.000 | B10: 01 | C10: 1 | D10: 01 | E10: 050 | F10: 000 | G10: Acquisition Costs (AC) | H10: Site acquisition | I10: Related fees to agents, lawyers, and the like | K10: N
A11: =B11&"."&C11&"."&D11&"."&E11&"."&F11 -> 01.1.01.060.000 | B11: 01 | C11: 1 | D11: 01 | E11: 060 | F11: 000 | G11: Acquisition Costs (AC) | H11: Site acquisition | I11: Related taxes and statutory charges | K11: N
A12: =B12&"."&C12&"."&D12&"."&E12&"."&F12 -> 01.1.02.000.000 | B12: 01 | C12: 1 | D12: 02 | E12: 000 | F12: 000 | G12: Acquisition Costs (AC) | H12: Administrative, finance, legal and marketing expenses | K12: N
A13: =B13&"."&C13&"."&D13&"."&E13&"."&F13 -> 01.1.02.010.000 | B13: 01 | C13: 1 | D13: 02 | E13: 010 | F13: 000 | G13: Acquisition Costs (AC) | H13: Administrative, finance, legal and marketing expenses | I13: Client’s general office overheads | K13: N
A14: =B14&"."&C14&"."&D14&"."&E14&"."&F14 -> 01.1.02.020.000 | B14: 01 | C14: 1 | D14: 02 | E14: 020 | F14: 000 | G14: Acquisition Costs (AC) | H14: Administrative, finance, legal and marketing expenses | I14: Client’s project-specific administrative expenses | K14: N
A15: =B15&"."&C15&"."&D15&"."&E15&"."&F15 -> 01.1.02.020.010 | B15: 01 | C15: 1 | D15: 02 | E15: 020 | F15: 010 | G15: Acquisition Costs (AC) | H15: Administrative, finance, legal and marketing expenses | I15: Client’s project-specific administrative expenses | J15: in-house project management and design team | K15: N
A16: =B16&"."&C16&"."&D16&"."&E16&"."&F16 -> 01.1.02.020.020 | B16: 01 | C16: 1 | D16: 02 | E16: 020 | F16: 020 | G16: Acquisition Costs (AC) | H16: Administrative, finance, legal and marketing expenses | I16: Client’s project-specific administrative expenses | J16: supporting project staff | K16: N
A17: =B17&"."&C17&"."&D17&"."&E17&"."&F17 -> 01.1.02.020.030 | B17: 01 | C17: 1 | D17: 02 | E17: 020 | F17: 030 | G17: Acquisition Costs (AC) | H17: Administrative, finance, legal and marketing expenses | I17: Client’s project-specific administrative expenses | J17: project office venue, furniture and equipment if not included in Constructor’s preliminaries | site overheads | K17: N
A18: =B18&"."&C18&"."&D18&"."&E18&"."&F18 -> 01.1.02.020.040 | B18: 01 | C18: 1 | D18: 02 | E18: 020 | F18: 040 | G18: Acquisition Costs (AC) | H18: Administrative, finance, legal and marketing expenses | I18: Client’s project-specific administrative expenses | J18: stores and workshops | K18: N
A19: =B19&"."&C19&"."&D19&"."&E19&"."&F19 -> 01.1.02.020.050 | B19: 01 | C19: 1 | D19: 02 | E19: 020 | F19: 050 | G19: Acquisition Costs (AC) | H19: Administrative, finance, legal and marketing expenses | I19: Client’s project-specific administrative expenses | J19: safety and insurances | K19: N
A20: =B20&"."&C20&"."&D20&"."&E20&"."&F20 -> 01.1.02.020.060 | B20: 01 | C20: 1 | D20: 02 | E20: 020 | F20: 060 | G20: Acquisition Costs (AC) | H20: Administrative, finance, legal and marketing expenses | I20: Client’s project-specific administrative expenses | J20: staff training | K20: N
A21: =B21&"."&C21&"."&D21&"."&E21&"."&F21 -> 01.1.02.020.070 | B21: 01 | C21: 1 | D21: 02 | E21: 020 | F21: 070 | G21: Acquisition Costs (AC) | H21: Administrative, finance, legal and marketing expenses | I21: Client’s project-specific administrative expenses | J21: accommodation and travelling expenses for in-house team and external parties | K21: N
A22: =B22&"."&C22&"."&D22&"."&E22&"."&F22 -> 01.1.02.030.000 | B22: 01 | C22: 1 | D22: 02 | E22: 030 | F22: 000 | G22: Acquisition Costs (AC) | H22: Administrative, finance, legal and marketing expenses | I22: Interest and finance costs | K22: N
A23: =B23&"."&C23&"."&D23&"."&E23&"."&F23 -> 01.1.02.040.000 | B23: 01 | C23: 1 | D23: 02 | E23: 040 | F23: 000 | G23: Acquisition Costs (AC) | H23: Administrative, finance, legal and marketing expenses | I23: Legal expenses | K23: N
A24: =B24&"."&C24&"."&D24&"."&E24&"."&F24 -> 01.1.02.050.000 | B24: 01 | C24: 1 | D24: 02 | E24: 050 | F24: 000 | G24: Acquisition Costs (AC) | H24: Administrative, finance, legal and marketing expenses | I24: Accounting expenses | K24: N
A25: =B25&"."&C25&"."&D25&"."&E25&"."&F25 -> 01.1.02.060.000 | B25: 01 | C25: 1 | D25: 02 | E25: 060 | F25: 000 | G25: Acquisition Costs (AC) | H25: Administrative, finance, legal and marketing expenses | I25: Sales, leasing, marketing, advertising and promotional expenses | K25: N
A26: =B26&"."&C26&"."&D26&"."&E26&"."&F26 -> 01.1.02.070.000 | B26: 01 | C26: 1 | D26: 02 | E26: 070 | F26: 000 | G26: Acquisition Costs (AC) | H26: Administrative, finance, legal and marketing expenses | I26: Taxes and statutory charges related to sales and lease | K26: N
A27: =B27&"."&C27&"."&D27&"."&E27&"."&F27 -> 01.1.02.080.000 | B27: 01 | C27: 1 | D27: 02 | E27: 080 | F27: 000 | G27: Acquisition Costs (AC) | H27: Administrative, finance, legal and marketing expenses | I27: License and permit charges for operation and use | K27: N
A28: =B28&"."&C28&"."&D28&"."&E28&"."&F28 -> 01.2.00.000.000 | B28: 01 | C28: 2 | D28: 00 | E28: 000 | F28: 000 | G28: Construction Costs
A29: =B29&"."&C29&"."&D29&"."&E29&"."&F29 -> 01.2.01.000.000 | B29: 01 | C29: 2 | D29: 01 | E29: 000 | F29: 000 | G29: Construction Costs | H29: Demolition, site preparation and formation
A30: =B30&"."&C30&"."&D30&"."&E30&"."&F30 -> 01.2.01.010.000 | B30: 01 | C30: 2 | D30: 01 | E30: 010 | F30: 000 | G30: Construction Costs | H30: Demolition, site preparation and formation | I30: Site survey and ground investigation | K30: Y
A31: =B31&"."&C31&"."&D31&"."&E31&"."&F31 -> 01.2.01.020.000 | B31: 01 | C31: 2 | D31: 01 | E31: 020 | F31: 000 | G31: Construction Costs | H31: Demolition, site preparation and formation | I31: Environmental treatment | K31: Y
A32: =B32&"."&C32&"."&D32&"."&E32&"."&F32 -> 01.2.01.030.000 | B32: 01 | C32: 2 | D32: 01 | E32: 030 | F32: 000 | G32: Construction Costs | H32: Demolition, site preparation and formation | I32: Sampling of hazardous or useful materials or conditions | K32: Y
A33: =B33&"."&C33&"."&D33&"."&E33&"."&F33 -> 01.2.01.040.000 | B33: 01 | C33: 2 | D33: 01 | E33: 040 | F33: 000 | G33: Construction Costs | H33: Demolition, site preparation and formation | I33: Temporary fencing | K33: Y
A34: =B34&"."&C34&"."&D34&"."&E34&"."&F34 -> 01.2.01.050.000 | B34: 01 | C34: 2 | D34: 01 | E34: 050 | F34: 000 | G34: Construction Costs | H34: Demolition, site preparation and formation | I34: Demolition of existing buildings and support to adjacent structures | K34: Y
A35: =B35&"."&C35&"."&D35&"."&E35&"."&F35 -> 01.2.01.060.000 | B35: 01 | C35: 2 | D35: 01 | E35: 060 | F35: 000 | G35: Construction Costs | H35: Demolition, site preparation and formation | I35: Site surface clearance (clearing, grubbing, topsoil stripping, tree felling, minor earthwork, removal) | K35: Y
A36: =B36&"."&C36&"."&D36&"."&E36&"."&F36 -> 01.2.01.070.000 | B36: 01 | C36: 2 | D36: 01 | E36: 070 | F36: 000 | G36: Construction Costs | H36: Demolition, site preparation and formation | I36: Tree transplant | K36: Y
A37: =B37&"."&C37&"."&D37&"."&E37&"."&F37 -> 01.2.01.080.000 | B37: 01 | C37: 2 | D37: 01 | E37: 080 | F37: 000 | G37: Construction Costs | H37: Demolition, site preparation and formation | I37: Site formation and slope treatment | K37: Y
A38: =B38&"."&C38&"."&D38&"."&E38&"."&F38 -> 01.2.01.090.000 | B38: 01 | C38: 2 | D38: 01 | E38: 090 | F38: 000 | G38: Construction Costs | H38: Demolition, site preparation and formation | I38: Temporary surface drainage and dewatering | K38: Y
A39: =B39&"."&C39&"."&D39&"."&E39&"."&F39 -> 01.2.01.100.000 | B39: 01 | C39: 2 | D39: 01 | E39: 100 | F39: 000 | G39: Construction Costs | H39: Demolition, site preparation and formation | I39: Temporary protection, diversion and relocation of public utilities | K39: N
A40: =B40&"."&C40&"."&D40&"."&E40&"."&F40 -> 01.2.01.110.000 | B40: 01 | C40: 2 | D40: 01 | E40: 110 | F40: 000 | G40: Construction Costs | H40: Demolition, site preparation and formation | I40: Erosion control | K40: N
A41: =B41&"."&C41&"."&D41&"."&E41&"."&F41 -> 01.2.02.000.000 | B41: 01 | C41: 2 | D41: 02 | E41: 000 | F41: 000 | G41: Construction Costs | H41: Substructure
A42: =B42&"."&C42&"."&D42&"."&E42&"."&F42 -> 01.2.02.010.000 | B42: 01 | C42: 2 | D42: 02 | E42: 010 | F42: 000 | G42: Construction Costs | H42: Substructure | I42: Foundation piling and underpinning | K42: Y
A43: =B43&"."&C43&"."&D43&"."&E43&"."&F43 -> 01.2.02.010.010 | B43: 01 | C43: 2 | D43: 02 | E43: 010 | F43: 010 | G43: Construction Costs | H43: Substructure | I43: Foundation piling and underpinning | J43: mobilisation and demobilisation | K43: Y
A44: =B44&"."&C44&"."&D44&"."&E44&"."&F44 -> 01.2.02.010.020 | B44: 01 | C44: 2 | D44: 02 | E44: 010 | F44: 020 | G44: Construction Costs | H44: Substructure | I44: Foundation piling and underpinning | J44: trial piles and caisson | K44: Y
A45: =B45&"."&C45&"."&D45&"."&E45&"."&F45 -> 01.2.02.010.030 | B45: 01 | C45: 2 | D45: 02 | E45: 010 | F45: 030 | G45: Construction Costs | H45: Substructure | I45: Foundation piling and underpinning | J45: permanent piles and caisson | K45: Y
A46: =B46&"."&C46&"."&D46&"."&E46&"."&F46 -> 01.2.02.010.040 | B46: 01 | C46: 2 | D46: 02 | E46: 010 | F46: 040 | G46: Construction Costs | H46: Substructure | I46: Foundation piling and underpinning | J46: pile and caisson testing | K46: Y
A47: =B47&"."&C47&"."&D47&"."&E47&"."&F47 -> 01.2.02.010.050 | B47: 01 | C47: 2 | D47: 02 | E47: 010 | F47: 050 | G47: Construction Costs | H47: Substructure | I47: Foundation piling and underpinning | J47: underpinning | K47: Y
A48: =B48&"."&C48&"."&D48&"."&E48&"."&F48 -> 01.2.02.020.000 | B48: 01 | C48: 2 | D48: 02 | E48: 020 | F48: 000 | G48: Construction Costs | H48: Substructure | I48: Foundations up to top of lowest floor slabs | K48: Y
A49: =B49&"."&C49&"."&D49&"."&E49&"."&F49 -> 01.2.02.020.010 | B49: 01 | C49: 2 | D49: 02 | E49: 020 | F49: 010 | G49: Construction Costs | H49: Substructure | I49: Foundations up to top of lowest floor slabs | J49: excavation and disposal | K49: Y
A50: =B50&"."&C50&"."&D50&"."&E50&"."&F50 -> 01.2.02.020.020 | B50: 01 | C50: 2 | D50: 02 | E50: 020 | F50: 020 | G50: Construction Costs | H50: Substructure | I50: Foundations up to top of lowest floor slabs | J50: lateral supports | K50: Y
A51: =B51&"."&C51&"."&D51&"."&E51&"."&F51 -> 01.2.02.020.030 | B51: 01 | C51: 2 | D51: 02 | E51: 020 | F51: 030 | G51: Construction Costs | H51: Substructure | I51: Foundations up to top of lowest floor slabs | J51: raft footings, pile caps, column bases, wall footings, strap beams, tie beams | K51: Y
A52: =B52&"."&C52&"."&D52&"."&E52&"."&F52 -> 01.2.02.020.040 | B52: 01 | C52: 2 | D52: 02 | E52: 020 | F52: 040 | G52: Construction Costs | H52: Substructure | I52: Foundations up to top of lowest floor slabs | J52: substructure walls and columns | K52: Y
A53: =B53&"."&C53&"."&D53&"."&E53&"."&F53 -> 01.2.02.020.050 | B53: 01 | C53: 2 | D53: 02 | E53: 020 | F53: 050 | G53: Construction Costs | H53: Substructure | I53: Foundations up to top of lowest floor slabs | J53: lowest floor slabs and beams (excluding basement bottom slabs) | K53: Y
A54: =B54&"."&C54&"."&D54&"."&E54&"."&F54 -> 01.2.02.020.060 | B54: 01 | C54: 2 | D54: 02 | E54: 020 | F54: 060 | G54: Construction Costs | H54: Substructure | I54: Foundations up to top of lowest floor slabs | J54: lift pits | K54: Y
A55: =B55&"."&C55&"."&D55&"."&E55&"."&F55 -> 01.2.02.020.070 | B55: 01 | C55: 2 | D55: 02 | E55: 020 | F55: 070 | G55: Construction Costs | H55: Substructure | I55: Foundations up to top of lowest floor slabs | J55: composite or prefabricated work | K55: Y
A56: =B56&"."&C56&"."&D56&"."&E56&"."&F56 -> 01.2.02.030.000 | B56: 01 | C56: 2 | D56: 02 | E56: 030 | F56: 000 | G56: Construction Costs | H56: Substructure | I56: Basement sides and bottom | K56: Y
A57: =B57&"."&C57&"."&D57&"."&E57&"."&F57 -> 01.2.02.030.010 | B57: 01 | C57: 2 | D57: 02 | E57: 030 | F57: 010 | G57: Construction Costs | H57: Substructure | I57: Basement sides and bottom | J57: excavation and disposal | K57: Y
A58: =B58&"."&C58&"."&D58&"."&E58&"."&F58 -> 01.2.02.030.020 | B58: 01 | C58: 2 | D58: 02 | E58: 030 | F58: 020 | G58: Construction Costs | H58: Substructure | I58: Basement sides and bottom | J58: lateral supports | K58: Y
A59: =B59&"."&C59&"."&D59&"."&E59&"."&F59 -> 01.2.02.030.030 | B59: 01 | C59: 2 | D59: 02 | E59: 030 | F59: 030 | G59: Construction Costs | H59: Substructure | I59: Basement sides and bottom | J59: bottom slabs and blinding | K59: Y
A60: =B60&"."&C60&"."&D60&"."&E60&"."&F60 -> 01.2.02.030.040 | B60: 01 | C60: 2 | D60: 02 | E60: 030 | F60: 040 | G60: Construction Costs | H60: Substructure | I60: Basement sides and bottom | J60: sides | K60: Y
A61: =B61&"."&C61&"."&D61&"."&E61&"."&F61 -> 01.2.02.030.050 | B61: 01 | C61: 2 | D61: 02 | E61: 030 | F61: 050 | G61: Construction Costs | H61: Substructure | I61: Basement sides and bottom | J61: vertical waterproof tanking, drainage blanket, drains and skin wall | K61: Y
A62: =B62&"."&C62&"."&D62&"."&E62&"."&F62 -> 01.2.02.030.060 | B62: 01 | C62: 2 | D62: 02 | E62: 030 | F62: 060 | G62: Construction Costs | H62: Substructure | I62: Basement sides and bottom | J62: horizontal waterproof tanking, drainage blanket, drains and topping slab | K62: Y
A63: =B63&"."&C63&"."&D63&"."&E63&"."&F63 -> 01.2.02.030.070 | B63: 01 | C63: 2 | D63: 02 | E63: 030 | F63: 070 | G63: Construction Costs | H63: Substructure | I63: Basement sides and bottom | J63: insulation | K63: Y
A64: =B64&"."&C64&"."&D64&"."&E64&"."&F64 -> 01.2.02.030.080 | B64: 01 | C64: 2 | D64: 02 | E64: 030 | F64: 080 | G64: Construction Costs | H64: Substructure | I64: Basement sides and bottom | J64: lift pits, sump pits, sleeves. | K64: Y
A65: =B65&"."&C65&"."&D65&"."&E65&"."&F65 -> 01.2.02.030.090 | B65: 01 | C65: 2 | D65: 02 | E65: 030 | F65: 090 | G65: Construction Costs | H65: Substructure | I65: Basement sides and bottom | J65: composite or prefabricated work | K65: Y
A66: =B66&"."&C66&"."&D66&"."&E66&"."&F66 -> 01.2.02.000.000 | B66: 01 | C66: 2 | D66: 02 | E66: 000 | F66: 000 | G66: Construction Costs | H66: Structure
A67: =B67&"."&C67&"."&D67&"."&E67&"."&F67 -> 01.2.02.010.000 | B67: 01 | C67: 2 | D67: 02 | E67: 010 | F67: 000 | G67: Construction Costs | H67: Structure | I67: Structural removal and alterations | K67: N
A68: =B68&"."&C68&"."&D68&"."&E68&"."&F68 -> 01.2.02.020.000 | B68: 01 | C68: 2 | D68: 02 | E68: 020 | F68: 000 | G68: Construction Costs | H68: Structure | I68: Basement suspended floors (up to top of ground floor slabs) | K68: Y
A69: =B69&"."&C69&"."&D69&"."&E69&"."&F69 -> 01.2.02.020.010 | B69: 01 | C69: 2 | D69: 02 | E69: 020 | F69: 010 | G69: Construction Costs | H69: Structure | I69: Basement suspended floors (up to top of ground floor slabs) | J69: structural walls and columns | K69: Y
A70: =B70&"."&C70&"."&D70&"."&E70&"."&F70 -> 01.2.02.020.020 | B70: 01 | C70: 2 | D70: 02 | E70: 020 | F70: 020 | G70: Construction Costs | H70: Structure | I70: Basement suspended floors (up to top of ground floor slabs) | J70: beams and slabs | K70: Y
A71: =B71&"."&C71&"."&D71&"."&E71&"."&F71 -> 01.2.02.020.030 | B71: 01 | C71: 2 | D71: 02 | E71: 020 | F71: 030 | G71: Construction Costs | H71: Structure | I71: Basement suspended floors (up to top of ground floor slabs) | J71: staircases | K71: Y
A72: =B72&"."&C72&"."&D72&"."&E72&"."&F72 -> 01.2.02.030. | B72: 01 | C72: 2 | D72: 02 | E72: 030 | G72: Construction Costs | H72: Structure | I72: Frames and slabs (above top of ground floor slabs) | K72: Y
A73: =B73&"."&C73&"."&D73&"."&E73&"."&F73 -> 01.2.02.030.010 | B73: 01 | C73: 2 | D73: 02 | E73: 030 | F73: 010 | G73: Construction Costs | H73: Structure | I73: Frames and slabs (above top of ground floor slabs) | J73: structural walls and columns | K73: Y
A74: =B74&"."&C74&"."&D74&"."&E74&"."&F74 -> 01.2.02.030.020 | B74: 01 | C74: 2 | D74: 02 | E74: 030 | F74: 020 | G74: Construction Costs | H74: Structure | I74: Frames and slabs (above top of ground floor slabs) | J74: upper floor beams and slabs | K74: Y
A75: =B75&"."&C75&"."&D75&"."&E75&"."&F75 -> 01.2.02.030.030 | B75: 01 | C75: 2 | D75: 02 | E75: 030 | F75: 030 | G75: Construction Costs | H75: Structure | I75: Frames and slabs (above top of ground floor slabs) | J75: roof beams and slabs | K75: Y
A76: =B76&"."&C76&"."&D76&"."&E76&"."&F76 -> 01.2.02.030.040 | B76: 01 | C76: 2 | D76: 02 | E76: 030 | F76: 040 | G76: Construction Costs | H76: Structure | I76: Frames and slabs (above top of ground floor slabs) | J76: staircases | K76: Y
A77: =B77&"."&C77&"."&D77&"."&E77&"."&F77 -> 01.2.02.030.050 | B77: 01 | C77: 2 | D77: 02 | E77: 030 | F77: 050 | G77: Construction Costs | H77: Structure | I77: Frames and slabs (above top of ground floor slabs) | J77: fireproofing to steel structure | K77: Y
A78: =B78&"."&C78&"."&D78&"."&E78&"."&F78 -> 01.2.02.040.000 | B78: 01 | C78: 2 | D78: 02 | E78: 040 | F78: 000 | G78: Construction Costs | H78: Structure | I78: Tanks, pools, sundries | K78: Y
A79: =B79&"."&C79&"."&D79&"."&E79&"."&F79 -> 01.2.02.050.000 | B79: 01 | C79: 2 | D79: 02 | E79: 050 | F79: 000 | G79: Construction Costs | H79: Structure | I79: Composite or prefabricated work | K79: N
A80: =B80&"."&C80&"."&D80&"."&E80&"."&F80 -> 01.2.03.000.000 | B80: 01 | C80: 2 | D80: 03 | E80: 000 | F80: 000 | G80: Construction Costs | H80: Architectural works | Non-structural works
A81: =B81&"."&C81&"."&D81&"."&E81&"."&F81 -> 01.2.03.010.000 | B81: 01 | C81: 2 | D81: 03 | E81: 010 | F81: 000 | G81: Construction Costs | H81: Architectural works | Non-structural works | I81: Non-structural removal and alterations | K81: N
A82: =B82&"."&C82&"."&D82&"."&E82&"."&F82 -> 01.2.03.020.000 | B82: 01 | C82: 2 | D82: 03 | E82: 020 | F82: 000 | G82: Construction Costs | H82: Architectural works | Non-structural works | I82: External elevations | K82: Y
A83: =B83&"."&C83&"."&D83&"."&E83&"."&F83 -> 01.2.03.020.010 | B83: 01 | C83: 2 | D83: 03 | E83: 020 | F83: 010 | G83: Construction Costs | H83: Architectural works | Non-structural works | I83: External elevations | J83: non-structural external walls and features | K83: Y
A84: =B84&"."&C84&"."&D84&"."&E84&"."&F84 -> 01.2.03.020.020 | B84: 01 | C84: 2 | D84: 03 | E84: 020 | F84: 020 | G84: Construction Costs | H84: Architectural works | Non-structural works | I84: External elevations | J84: external wall finishes except cladding | K84: Y
A85: =B85&"."&C85&"."&D85&"."&E85&"."&F85 -> 01.2.03.020.030 | B85: 01 | C85: 2 | D85: 03 | E85: 020 | F85: 030 | G85: Construction Costs | H85: Architectural works | Non-structural works | I85: External elevations | J85: facade cladding and curtain walls | K85: Y
A86: =B86&"."&C86&"."&D86&"."&E86&"."&F86 -> 01.2.03.020.040 | B86: 01 | C86: 2 | D86: 03 | E86: 020 | F86: 040 | G86: Construction Costs | H86: Architectural works | Non-structural works | I86: External elevations | J86: external windows | K86: Y
A87: =B87&"."&C87&"."&D87&"."&E87&"."&F87 -> 01.2.03.020.050 | B87: 01 | C87: 2 | D87: 03 | E87: 020 | F87: 050 | G87: Construction Costs | H87: Architectural works | Non-structural works | I87: External elevations | J87: external doors | K87: Y
A88: =B88&"."&C88&"."&D88&"."&E88&"."&F88 -> 01.2.03.020.060 | B88: 01 | C88: 2 | D88: 03 | E88: 020 | F88: 060 | G88: Construction Costs | H88: Architectural works | Non-structural works | I88: External elevations | J88: external shop fronts | K88: Y
A89: =B89&"."&C89&"."&D89&"."&E89&"."&F89 -> 01.2.03.020.070 | B89: 01 | C89: 2 | D89: 03 | E89: 020 | F89: 070 | G89: Construction Costs | H89: Architectural works | Non-structural works | I89: External elevations | J89: roller shutters and fire shutters | K89: Y
A90: =B90&"."&C90&"."&D90&"."&E90&"."&F90 -> 01.2.03.030.000 | B90: 01 | C90: 2 | D90: 03 | E90: 030 | F90: 000 | G90: Construction Costs | H90: Architectural works | Non-structural works | I90: Roof finishes, skylights and landscaping (including waterproofing and insulation) | K90: Y
A91: =B91&"."&C91&"."&D91&"."&E91&"."&F91 -> 01.2.03.030.010 | B91: 01 | C91: 2 | D91: 03 | E91: 030 | F91: 010 | G91: Construction Costs | H91: Architectural works | Non-structural works | I91: Roof finishes, skylights and landscaping (including waterproofing and insulation) | J91: roof finishes | K91: Y
A92: =B92&"."&C92&"."&D92&"."&E92&"."&F92 -> 01.2.03.030.020 | B92: 01 | C92: 2 | D92: 03 | E92: 030 | F92: 020 | G92: Construction Costs | H92: Architectural works | Non-structural works | I92: Roof finishes, skylights and landscaping (including waterproofing and insulation) | J92: skylights | K92: Y
A93: =B93&"."&C93&"."&D93&"."&E93&"."&F93 -> 01.2.03.030.030 | B93: 01 | C93: 2 | D93: 03 | E93: 030 | F93: 030 | G93: Construction Costs | H93: Architectural works | Non-structural works | I93: Roof finishes, skylights and landscaping (including waterproofing and insulation) | J93: other roof features | K93: Y
A94: =B94&"."&C94&"."&D94&"."&E94&"."&F94 -> 01.2.03.030.040 | B94: 01 | C94: 2 | D94: 03 | E94: 030 | F94: 040 | G94: Construction Costs | H94: Architectural works | Non-structural works | I94: Roof finishes, skylights and landscaping (including waterproofing and insulation) | J94: roof landscaping (hard and soft) | K94: Y
A95: =B95&"."&C95&"."&D95&"."&E95&"."&F95 -> 01.2.03.040.000 | B95: 01 | C95: 2 | D95: 03 | E95: 040 | F95: 000 | G95: Construction Costs | H95: Architectural works | Non-structural works | I95: Internal divisions | K95: Y
A96: =B96&"."&C96&"."&D96&"."&E96&"."&F96 -> 01.2.03.040.010 | B96: 01 | C96: 2 | D96: 03 | E96: 040 | F96: 010 | G96: Construction Costs | H96: Architectural works | Non-structural works | I96: Internal divisions | J96: non-structural internal walls and partitions | K96: Y
A97: =B97&"."&C97&"."&D97&"."&E97&"."&F97 -> 01.2.03.040.020 | B97: 01 | C97: 2 | D97: 03 | E97: 040 | F97: 020 | G97: Construction Costs | H97: Architectural works | Non-structural works | I97: Internal divisions | J97: shop fronts | K97: Y
A98: =B98&"."&C98&"."&D98&"."&E98&"."&F98 -> 01.2.03.040.030 | B98: 01 | C98: 2 | D98: 03 | E98: 040 | F98: 030 | G98: Construction Costs | H98: Architectural works | Non-structural works | I98: Internal divisions | J98: toilet cubicles | K98: Y
A99: =B99&"."&C99&"."&D99&"."&E99&"."&F99 -> 01.2.03.040.040 | B99: 01 | C99: 2 | D99: 03 | E99: 040 | F99: 040 | G99: Construction Costs | H99: Architectural works | Non-structural works | I99: Internal divisions | J99: moveable partitions | K99: Y
A100: =B100&"."&C100&"."&D100&"."&E100&"."&F100 -> 01.2.03.040.050 | B100: 01 | C100: 2 | D100: 03 | E100: 040 | F100: 050 | G100: Construction Costs | H100: Architectural works | Non-structural works | I100: Internal divisions | J100: cold rooms | K100: Y
A101: =B101&"."&C101&"."&D101&"."&E101&"."&F101 -> 01.2.03.040.060 | B101: 01 | C101: 2 | D101: 03 | E101: 040 | F101: 060 | G101: Construction Costs | H101: Architectural works | Non-structural works | I101: Internal divisions | J101: internal doors | K101: Y
A102: =B102&"."&C102&"."&D102&"."&E102&"."&F102 -> 01.2.03.040.070 | B102: 01 | C102: 2 | D102: 03 | E102: 040 | F102: 070 | G102: Construction Costs | H102: Architectural works | Non-structural works | I102: Internal divisions | J102: internal windows | K102: Y
...

Sheet ICMS2 Civil Work
A2: Unique ID | B2: Project Scope | C2: Cost Category (Level 2) | D2: Cost Group (Level 3) | E2: Cost Sub-Group (Level 4) | F2: Cost Sub Sub-Group (Level 5) | G2: Cost Category (Level 2) | H2: Cost Group (Level 3) | I2: Cost Sub-Group (Level 4) | J2: Cost Sub Sub-Group (Level 5)
A4: =B4&"."&C4&"."&D4&"."&E4&"."&F4 -> 02.1.00.000.000 | B4: 02 | C4: 1 | D4: 00 | E4: 000 | F4: 000 | G4: Acquisition Costs (AC)
A5: =B5&"."&C5&"."&D5&"."&E5&"."&F5 -> 02.1.01.000.000 | B5: 02 | C5: 1 | D5: 01 | E5: 000 | F5: 000 | G5: Acquisition Costs (AC) | H5: Site acquisition
A6: =B6&"."&C6&"."&D6&"."&E6&"."&F6 -> 02.1.01.010.000 | B6: 02 | C6: 1 | D6: 01 | E6: 010 | F6: 000 | G6: Acquisition Costs (AC) | H6: Site acquisition | I6: Costs and premium required to procure site
A7: =B7&"."&C7&"."&D7&"."&E7&"."&F7 -> 02.1.01.020.000 | B7: 02 | C7: 1 | D7: 01 | E7: 020 | F7: 000 | G7: Acquisition Costs (AC) | H7: Site acquisition | I7: Compensation to existing occupiers
A8: =B8&"."&C8&"."&D8&"."&E8&"."&F8 -> 02.1.01.030.000 | B8: 02 | C8: 1 | D8: 01 | E8: 030 | F8: 000 | G8: Acquisition Costs (AC) | H8: Site acquisition | I8: Demolition, removal and modification of existing properties by way of payment to existing owners instead of carrying out physical work
A9: =B9&"."&C9&"."&D9&"."&E9&"."&F9 -> 02.1.01.040.000 | B9: 02 | C9: 1 | D9: 01 | E9: 040 | F9: 000 | G9: Acquisition Costs (AC) | H9: Site acquisition | I9: Contributions for the preservation of heritage, culture and environment
A10: =B10&"."&C10&"."&D10&"."&E10&"."&F10 -> 02.1.01.050.000 | B10: 02 | C10: 1 | D10: 01 | E10: 050 | F10: 000 | G10: Acquisition Costs (AC) | H10: Site acquisition | I10: Related fees to agents, lawyers, and the like
A11: =B11&"."&C11&"."&D11&"."&E11&"."&F11 -> 02.1.01.060.000 | B11: 02 | C11: 1 | D11: 01 | E11: 060 | F11: 000 | G11: Acquisition Costs (AC) | H11: Site acquisition | I11: Related taxes and statutory charges
A12: =B12&"."&C12&"."&D12&"."&E12&"."&F12 -> 02.1.02.000.000 | B12: 02 | C12: 1 | D12: 02 | E12: 000 | F12: 000 | G12: Acquisition Costs (AC) | H12: Administrative, finance, legal and marketing expenses
A13: =B13&"."&C13&"."&D13&"."&E13&"."&F13 -> 02.1.02.010.000 | B13: 02 | C13: 1 | D13: 02 | E13: 010 | F13: 000 | G13: Acquisition Costs (AC) | H13: Administrative, finance, legal and marketing expenses | I13: Client’s general office overheads
A14: =B14&"."&C14&"."&D14&"."&E14&"."&F14 -> 02.1.02.020.000 | B14: 02 | C14: 1 | D14: 02 | E14: 020 | F14: 000 | G14: Acquisition Costs (AC) | H14: Administrative, finance, legal and marketing expenses | I14: Client’s project-specific administrative expenses
A15: =B15&"."&C15&"."&D15&"."&E15&"."&F15 -> 02.1.02.020.010 | B15: 02 | C15: 1 | D15: 02 | E15: 020 | F15: 010 | G15: Acquisition Costs (AC) | H15: Administrative, finance, legal and marketing expenses | I15: Client’s project-specific administrative expenses | J15: in-house project management and design team
A16: =B16&"."&C16&"."&D16&"."&E16&"."&F16 -> 02.1.02.020.020 | B16: 02 | C16: 1 | D16: 02 | E16: 020 | F16: 020 | G16: Acquisition Costs (AC) | H16: Administrative, finance, legal and marketing expenses | I16: Client’s project-specific administrative expenses | J16: supporting project staff
A17: =B17&"."&C17&"."&D17&"."&E17&"."&F17 -> 02.1.02.020.030 | B17: 02 | C17: 1 | D17: 02 | E17: 020 | F17: 030 | G17: Acquisition Costs (AC) | H17: Administrative, finance, legal and marketing expenses | I17: Client’s project-specific administrative expenses | J17: project office venue, furniture and equipment if not included in Constructor’s preliminaries | site overheads
A18: =B18&"."&C18&"."&D18&"."&E18&"."&F18 -> 02.1.02.020.040 | B18: 02 | C18: 1 | D18: 02 | E18: 020 | F18: 040 | G18: Acquisition Costs (AC) | H18: Administrative, finance, legal and marketing expenses | I18: Client’s project-specific administrative expenses | J18: stores and workshops
A19: =B19&"."&C19&"."&D19&"."&E19&"."&F19 -> 02.1.02.020.050 | B19: 02 | C19: 1 | D19: 02 | E19: 020 | F19: 050 | G19: Acquisition Costs (AC) | H19: Administrative, finance, legal and marketing expenses | I19: Client’s project-specific administrative expenses | J19: safety and insurances
A20: =B20&"."&C20&"."&D20&"."&E20&"."&F20 -> 02.1.02.020.060 | B20: 02 | C20: 1 | D20: 02 | E20: 020 | F20: 060 | G20: Acquisition Costs (AC) | H20: Administrative, finance, legal and marketing expenses | I20: Client’s project-specific administrative expenses | J20: staff training
A21: =B21&"."&C21&"."&D21&"."&E21&"."&F21 -> 02.1.02.020.070 | B21: 02 | C21: 1 | D21: 02 | E21: 020 | F21: 070 | G21: Acquisition Costs (AC) | H21: Administrative, finance, legal and marketing expenses | I21: Client’s project-specific administrative expenses | J21: accommodation and travelling expenses for in-house team and external parties
A22: =B22&"."&C22&"."&D22&"."&E22&"."&F22 -> 02.1.02.030.000 | B22: 02 | C22: 1 | D22: 02 | E22: 030 | F22: 000 | G22: Acquisition Costs (AC) | H22: Administrative, finance, legal and marketing expenses | I22: Interest and finance costs
A23: =B23&"."&C23&"."&D23&"."&E23&"."&F23 -> 02.1.02.040.000 | B23: 02 | C23: 1 | D23: 02 | E23: 040 | F23: 000 | G23: Acquisition Costs (AC) | H23: Administrative, finance, legal and marketing expenses | I23: Legal expenses
A24: =B24&"."&C24&"."&D24&"."&E24&"."&F24 -> 02.1.02.050.000 | B24: 02 | C24: 1 | D24: 02 | E24: 050 | F24: 000 | G24: Acquisition Costs (AC) | H24: Administrative, finance, legal and marketing expenses | I24: Accounting expenses
A25: =B25&"."&C25&"."&D25&"."&E25&"."&F25 -> 02.1.02.060.000 | B25: 02 | C25: 1 | D25: 02 | E25: 060 | F25: 000 | G25: Acquisition Costs (AC) | H25: Administrative, finance, legal and marketing expenses | I25: Sales, leasing, marketing, advertising and promotional expenses
A26: =B26&"."&C26&"."&D26&"."&E26&"."&F26 -> 02.1.02.070.000 | B26: 02 | C26: 1 | D26: 02 | E26: 070 | F26: 000 | G26: Acquisition Costs (AC) | H26: Administrative, finance, legal and marketing expenses | I26: Taxes and statutory charges related to sales and lease
A27: =B27&"."&C27&"."&D27&"."&E27&"."&F27 -> 02.1.02.080.000 | B27: 02 | C27: 1 | D27: 02 | E27: 080 | F27: 000 | G27: Acquisition Costs (AC) | H27: Administrative, finance, legal and marketing expenses | I27: License and permit charges for operation and use
A28: =B28&"."&C28&"."&D28&"."&E28&"."&F28 -> 02.2.00.000.000 | B28: 02 | C28: 2 | D28: 00 | E28: 000 | F28: 000 | G28: Construction Costs
A29: =B29&"."&C29&"."&D29&"."&E29&"."&F29 -> 02.2.01.000.000 | B29: 02 | C29: 2 | D29: 01 | E29: 000 | F29: 000 | G29: Construction Costs | H29: Demolition, site preparation and formation
A30: =B30&"."&C30&"."&D30&"."&E30&"."&F30 -> 02.2.01.010.000 | B30: 02 | C30: 2 | D30: 01 | E30: 010 | F30: 000 | G30: Construction Costs | H30: Demolition, site preparation and formation | I30: Site survey and ground investigation
A31: =B31&"."&C31&"."&D31&"."&E31&"."&F31 -> 02.2.01.020.000 | B31: 02 | C31: 2 | D31: 01 | E31: 020 | F31: 000 | G31: Construction Costs | H31: Demolition, site preparation and formation | I31: Environmental treatment
A32: =B32&"."&C32&"."&D32&"."&E32&"."&F32 -> 02.2.01.030.000 | B32: 02 | C32: 2 | D32: 01 | E32: 030 | F32: 000 | G32: Construction Costs | H32: Demolition, site preparation and formation | I32: Sampling of hazardous or useful materials or conditions
A33: =B33&"."&C33&"."&D33&"."&E33&"."&F33 -> 02.2.01.040.000 | B33: 02 | C33: 2 | D33: 01 | E33: 040 | F33: 000 | G33: Construction Costs | H33: Demolition, site preparation and formation | I33: Temporary fencing
A34: =B34&"."&C34&"."&D34&"."&E34&"."&F34 -> 02.2.01.050.000 | B34: 02 | C34: 2 | D34: 01 | E34: 050 | F34: 000 | G34: Construction Costs | H34: Demolition, site preparation and formation | I34: Demolition of existing structures and support to adjacent structures
A35: =B35&"."&C35&"."&D35&"."&E35&"."&F35 -> 02.2.01.060.000 | B35: 02 | C35: 2 | D35: 01 | E35: 060 | F35: 000 | G35: Construction Costs | H35: Demolition, site preparation and formation | I35: Site surface clearance (clearing, grubbing, topsoil stripping, tree felling, minor earthwork, removal)
A36: =B36&"."&C36&"."&D36&"."&E36&"."&F36 -> 02.2.01.070.000 | B36: 02 | C36: 2 | D36: 01 | E36: 070 | F36: 000 | G36: Construction Costs | H36: Demolition, site preparation and formation | I36: Tree transplant
A37: =B37&"."&C37&"."&D37&"."&E37&"."&F37 -> 02.2.01.080.000 | B37: 02 | C37: 2 | D37: 01 | E37: 080 | F37: 000 | G37: Construction Costs | H37: Demolition, site preparation and formation | I37: General site formation and slope treatment
A38: =B38&"."&C38&"."&D38&"."&E38&"."&F38 -> 02.2.01.090.000 | B38: 02 | C38: 2 | D38: 01 | E38: 090 | F38: 000 | G38: Construction Costs | H38: Demolition, site preparation and formation | I38: Temporary surface drainage and dewatering
A39: =B39&"."&C39&"."&D39&"."&E39&"."&F39 -> 02.2.01.100.000 | B39: 02 | C39: 2 | D39: 01 | E39: 100 | F39: 000 | G39: Construction Costs | H39: Demolition, site preparation and formation | I39: Temporary access roads and storage areas (provided under an advance contract)
A40: =B40&"."&C40&"."&D40&"."&E40&"."&F40 -> 02.2.01.110.000 | B40: 02 | C40: 2 | D40: 01 | E40: 110 | F40: 000 | G40: Construction Costs | H40: Demolition, site preparation and formation | I40: Temporary protection, diversion and relocation of public utilities
A41: =B41&"."&C41&"."&D41&"."&E41&"."&F41 -> 02.2.02.120.000 | B41: 02 | C41: 2 | D41: 02 | E41: 120 | F41: 000 | G41: Construction Costs | H41: Demolition, site preparation and formation | I41: Erosion control
A42: =B42&"."&C42&"."&D42&"."&E42&"."&F42 -> 02.2.02.000.000 | B42: 02 | C42: 2 | D42: 02 | E42: 000 | F42: 000 | G42: Construction Costs | H42: Substructure
A43: =B43&"."&C43&"."&D43&"."&E43&"."&F43 -> 02.2.02.010.000 | B43: 02 | C43: 2 | D43: 02 | E43: 010 | F43: 000 | G43: Construction Costs | H43: Substructure | I43: Embankments/cuttings
A44: =B44&"."&C44&"."&D44&"."&E44&"."&F44 -> 02.2.02.020.000 | B44: 02 | C44: 2 | D44: 02 | E44: 020 | F44: 000 | G44: Construction Costs | H44: Substructure | I44: Excavation, disposal and lateral supports (specifically to receive any substructure construction but excluding general site formation and slope treatment)
A45: =B45&"."&C45&"."&D45&"."&E45&"."&F45 -> 02.2.02.030.000 | B45: 02 | C45: 2 | D45: 02 | E45: 030 | F45: 000 | G45: Construction Costs | H45: Substructure | I45: Trenching
A46: =B46&"."&C46&"."&D46&"."&E46&"."&F46 -> 02.2.02.040.000 | B46: 02 | C46: 2 | D46: 02 | E46: 040 | F46: 000 | G46: Construction Costs | H46: Substructure | I46: Drilling/boring
A47: =B47&"."&C47&"."&D47&"."&E47&"."&F47 -> 02.2.02.050.000 | B47: 02 | C47: 2 | D47: 02 | E47: 050 | F47: 000 | G47: Construction Costs | H47: Substructure | I47: Piling/anchoring
A48: =B48&"."&C48&"."&D48&"."&E48&"."&F48 -> 02.2.02.060.000 | B48: 02 | C48: 2 | D48: 02 | E48: 060 | F48: 000 | G48: Construction Costs | H48: Substructure | I48: Structural backfill/ground remediation
A49: =B49&"."&C49&"."&D49&"."&E49&"."&F49 -> 02.2.02.070.000 | B49: 02 | C49: 2 | D49: 02 | E49: 070 | F49: 000 | G49: Construction Costs | H49: Substructure | I49: Earth-retaining structures
A50: =B50&"."&C50&"."&D50&"."&E50&"."&F50 -> 02.2.02.080.000 | B50: 02 | C50: 2 | D50: 02 | E50: 080 | F50: 000 | G50: Construction Costs | H50: Substructure | I50: Abutments/wing walls
A51: =B51&"."&C51&"."&D51&"."&E51&"."&F51 -> 02.2.02.090.000 | B51: 02 | C51: 2 | D51: 02 | E51: 090 | F51: 000 | G51: Construction Costs | H51: Substructure | I51: Pile caps/footings/bases (nearest to the ground level or water level if constructed in water)
A52: =B52&"."&C52&"."&D52&"."&E52&"."&F52 -> 02.2.02.100.000 | B52: 02 | C52: 2 | D52: 02 | E52: 100 | F52: 000 | G52: Construction Costs | H52: Substructure | I52: Sub-base to pavements and rail track structures
A53: =B53&"."&C53&"."&D53&"."&E53&"."&F53 -> 02.2.02.110.000 | B53: 02 | C53: 2 | D53: 02 | E53: 110 | F53: 000 | G53: Construction Costs | H53: Substructure | I53: Bases to supports for tanks, pipes, well heads and the like
A54: =B54&"."&C54&"."&D54&"."&E54&"."&F54 -> 02.2.02.120.000 | B54: 02 | C54: 2 | D54: 02 | E54: 120 | F54: 000 | G54: Construction Costs | H54: Substructure | I54: Beds and surrounds to underground pipes
A55: =B55&"."&C55&"."&D55&"."&E55&"."&F55 -> 02.2.03.000.000 | B55: 02 | C55: 2 | D55: 03 | E55: 000 | F55: 000 | G55: Construction Costs | H55: Structure
A56: =B56&"."&C56&"."&D56&"."&E56&"."&F56 -> 02.2.03.010.000 | B56: 02 | C56: 2 | D56: 03 | E56: 010 | F56: 000 | G56: Construction Costs | H56: Structure | I56: Piers and towers
A57: =B57&"."&C57&"."&D57&"."&E57&"."&F57 -> 02.2.03.020.000 | B57: 02 | C57: 2 | D57: 03 | E57: 020 | F57: 000 | G57: Construction Costs | H57: Structure | I57: Suspension system
A58: =B58&"."&C58&"."&D58&"."&E58&"."&F58 -> 02.2.03.030.000 | B58: 02 | C58: 2 | D58: 03 | E58: 030 | F58: 000 | G58: Construction Costs | H58: Structure | I58: Decks
A59: =B59&"."&C59&"."&D59&"."&E59&"."&F59 -> 02.2.03.040.000 | B59: 02 | C59: 2 | D59: 03 | E59: 040 | F59: 000 | G59: Construction Costs | H59: Structure | I59: Bearings
A60: =B60&"."&C60&"."&D60&"."&E60&"."&F60 -> 02.2.03.050.000 | B60: 02 | C60: 2 | D60: 03 | E60: 050 | F60: 000 | G60: Construction Costs | H60: Structure | I60: Tunnel lining
A61: =B61&"."&C61&"."&D61&"."&E61&"."&F61 -> 02.2.03.060.000 | B61: 02 | C61: 2 | D61: 03 | E61: 060 | F61: 000 | G61: Construction Costs | H61: Structure | I61: Road/track base
A62: =B62&"."&C62&"."&D62&"."&E62&"."&F62 -> 02.2.03.070.000 | B62: 02 | C62: 2 | D62: 03 | E62: 070 | F62: 000 | G62: Construction Costs | H62: Structure | I62: Pavement
A63: =B63&"."&C63&"."&D63&"."&E63&"."&F63 -> 02.2.03.080.000 | B63: 02 | C63: 2 | D63: 03 | E63: 080 | F63: 000 | G63: Construction Costs | H63: Structure | I63: Service roads and approaches
A64: =B64&"."&C64&"."&D64&"."&E64&"."&F64 -> 02.2.03.090.000 | B64: 02 | C64: 2 | D64: 03 | E64: 090 | F64: 000 | G64: Construction Costs | H64: Structure | I64: Parapets/edge treatment
A65: =B65&"."&C65&"."&D65&"."&E65&"."&F65 -> 02.2.03.100.000 | B65: 02 | C65: 2 | D65: 03 | E65: 100 | F65: 000 | G65: Construction Costs | H65: Structure | I65: Main structures
A66: =B66&"."&C66&"."&D66&"."&E66&"."&F66 -> 02.2.03.110.000 | B66: 02 | C66: 2 | D66: 03 | E66: 110 | F66: 000 | G66: Construction Costs | H66: Structure | I66: Tanks, rigs, storage containers and the like
A67: =B67&"."&C67&"."&D67&"."&E67&"."&F67 -> 02.2.03.120.000 | B67: 02 | C67: 2 | D67: 03 | E67: 120 | F67: 000 | G67: Construction Costs | H67: Structure | I67: Supports for tanks, pipes and the like
... A69: =B69&"."&C69&"."&D69&"."&E69&"."&F69 -> 02.2.03.140.000 | B69: 02 | C69: 2 | D69: 03 | E69: 140 | F69: 000 | G69: Construction Costs | H69: Structure | I69: Valves and fittings
A70: =B70&"."&C70&"."&D70&"."&E70&"."&F70 -> 02.2.04.000.000 | B70: 02 | C70: 2 | D70: 04 | E70: 000 | F70: 000 | G70: Construction Costs | H70: Non-structural works
A71: =B71&"."&C71&"."&D71&"."&E71&"."&F71 -> 02.2.04.010.000 | B71: 02 | C71: 2 | D71: 04 | E71: 010 | F71: 000 | G71: Construction Costs | H71: Non-structural works | I71: Non-structural removal and alterations
A72: =B72&"."&C72&"."&D72&"."&E72&"."&F72 -> 02.2.04.020.000 | B72: 02 | C72: 2 | D72: 04 | E72: 020 | F72: 000 | G72: Construction Costs | H72: Non-structural works | I72: Non-structural construction
A73: =B73&"."&C73&"."&D73&"."&E73&"."&F73 -> 02.2.04.030.000 | B73: 02 | C73: 2 | D73: 04 | E73: 030 | F73: 000 | G73: Construction Costs | H73: Non-structural works | I73: Running surface
A74: =B74&"."&C74&"."&D74&"."&E74&"."&F74 -> 02.2.04.040.000 | B74: 02 | C74: 2 | D74: 04 | E74: 040 | F74: 000 | G74: Construction Costs | H74: Non-structural works | I74: Signage, markings and the like
A75: =B75&"."&C75&"."&D75&"."&E75&"."&F75 -> 02.2.04.050.000 | B75: 02 | C75: 2 | D75: 04 | E75: 050 | F75: 000 | G75: Construction Costs | H75: Non-structural works | I75: Gantries and the like
A76: =B76&"."&C76&"."&D76&"."&E76&"."&F76 -> 02.2.04.060.000 | B76: 02 | C76: 2 | D76: 04 | E76: 060 | F76: 000 | G76: Construction Costs | H76: Non-structural works | I76: Safety facilities
A77: =B77&"."&C77&"."&D77&"."&E77&"."&F77 -> 02.2.04.070.000 | B77: 02 | C77: 2 | D77: 04 | E77: 070 | F77: 000 | G77: Construction Costs | H77: Non-structural works | I77: Barriers/rails and means of access
A78: =B78&"."&C78&"."&D78&"."&E78&"."&F78 -> 02.2.04.080.000 | B78: 02 | C78: 2 | D78: 04 | E78: 080 | F78: 000 | G78: Construction Costs | H78: Non-structural works | I78: Special equipment and fittings
A79: =B79&"."&C79&"."&D79&"."&E79&"."&F79 -> 02.2.04.090.000 | B79: 02 | C79: 2 | D79: 04 | E79: 090 | F79: 000 | G79: Construction Costs | H79: Non-structural works | I79: Interior landscaping
A80: =B80&"."&C80&"."&D80&"."&E80&"."&F80 -> 02.2.04.100.000 | B80: 02 | C80: 2 | D80: 04 | E80: 100 | F80: 000 | G80: Construction Costs | H80: Non-structural works | I80: Builders’ work in connection with services
A81: =B81&"."&C81&"."&D81&"."&E81&"."&F81 -> 02.2.05.000.000 | B81: 02 | C81: 2 | D81: 05 | E81: 000 | F81: 000 | G81: Construction Costs | H81: Services and equipment
A82: =B82&"."&C82&"."&D82&"."&E82&"."&F82 -> 02.2.05.010.000 | B82: 02 | C82: 2 | D82: 05 | E82: 010 | F82: 000 | G82: Construction Costs | H82: Services and equipment | I82: Mechanical systems
A83: =B83&"."&C83&"."&D83&"."&E83&"."&F83 -> 02.2.05.020.000 | B83: 02 | C83: 2 | D83: 05 | E83: 020 | F83: 000 | G83: Construction Costs | H83: Services and equipment | I83: Lighting systems
A84: =B84&"."&C84&"."&D84&"."&E84&"."&F84 -> 02.2.05.030.000 | B84: 02 | C84: 2 | D84: 05 | E84: 030 | F84: 000 | G84: Construction Costs | H84: Services and equipment | I84: Illuminations
A85: =B85&"."&C85&"."&D85&"."&E85&"."&F85 -> 02.2.05.040.000 | B85: 02 | C85: 2 | D85: 05 | E85: 040 | F85: 000 | G85: Construction Costs | H85: Services and equipment | I85: Low-voltage power supply
A86: =B86&"."&C86&"."&D86&"."&E86&"."&F86 -> 02.2.05.050.000 | B86: 02 | C86: 2 | D86: 05 | E86: 050 | F86: 000 | G86: Construction Costs | H86: Services and equipment | I86: High-voltage power supply
A87: =B87&"."&C87&"."&D87&"."&E87&"."&F87 -> 02.2.05.060.000 | B87: 02 | C87: 2 | D87: 05 | E87: 060 | F87: 000 | G87: Construction Costs | H87: Services and equipment | I87: Cables/cable trays
A88: =B88&"."&C88&"."&D88&"."&E88&"."&F88 -> 02.2.05.070.000 | B88: 02 | C88: 2 | D88: 05 | E88: 070 | F88: 000 | G88: Construction Costs | H88: Services and equipment | I88: Other electrical services
A89: =B89&"."&C89&"."&D89&"."&E89&"."&F89 -> 02.2.05.080.000 | B89: 02 | C89: 2 | D89: 05 | E89: 080 | F89: 000 | G89: Construction Costs | H89: Services and equipment | I89: Control systems and instrumentation
A90: =B90&"."&C90&"."&D90&"."&E90&"."&F90 -> 02.2.05.090.000 | B90: 02 | C90: 2 | D90: 05 | E90: 090 | F90: 000 | G90: Construction Costs | H90: Services and equipment | I90: Pipe racks/supports
A91: =B91&"."&C91&"."&D91&"."&E91&"."&F91 -> 02.2.05.100.000 | B91: 02 | C91: 2 | D91: 05 | E91: 100 | F91: 000 | G91: Construction Costs | H91: Services and equipment | I91: Water supply and drainage above ground or inside underground construction
A92: =B92&"."&C92&"."&D92&"."&E92&"."&F92 -> 02.2.05.110.000 | B92: 02 | C92: 2 | D92: 05 | E92: 110 | F92: 000 | G92: Construction Costs | H92: Services and equipment | I92: Fire services
A93: =B93&"."&C93&"."&D93&"."&E93&"."&F93 -> 02.2.05.120.000 | B93: 02 | C93: 2 | D93: 05 | E93: 120 | F93: 000 | G93: Construction Costs | H93: Services and equipment | I93: Movement systems: lifts/ elevators/ conveyors
A94: =B94&"."&C94&"."&D94&"."&E94&"."&F94 -> 02.2.06.000.000 | B94: 02 | C94: 2 | D94: 06 | E94: 000 | F94: 000 | G94: Construction Costs | H94: Surface and underground drainage
A95: =B95&"."&C95&"."&D95&"."&E95&"."&F95 -> 02.2.06.010.000 | B95: 02 | C95: 2 | D95: 06 | E95: 010 | F95: 000 | G95: Construction Costs | H95: Surface and underground drainage | I95: Surface water drainage
A96: =B96&"."&C96&"."&D96&"."&E96&"."&F96 -> 02.2.06.020.000 | B96: 02 | C96: 2 | D96: 06 | E96: 020 | F96: 000 | G96: Construction Costs | H96: Surface and underground drainage | I96: Storm water drainage
A97: =B97&"."&C97&"."&D97&"."&E97&"."&F97 -> 02.2.06.030.000 | B97: 02 | C97: 2 | D97: 06 | E97: 030 | F97: 000 | G97: Construction Costs | H97: Surface and underground drainage | I97: Foul and waste water drainage
A98: =B98&"."&C98&"."&D98&"."&E98&"."&F98 -> 02.2.06.040.000 | B98: 02 | C98: 2 | D98: 06 | E98: 040 | F98: 000 | G98: Construction Costs | H98: Surface and underground drainage | I98: Pumping systems
A99: =B99&"."&C99&"."&D99&"."&E99&"."&F99 -> 02.2.06.050.000 | B99: 02 | C99: 2 | D99: 06 | E99: 050 | F99: 000 | G99: Construction Costs | H99: Surface and underground drainage | I99: Drainage connections
A100: =B100&"."&C100&"."&D100&"."&E100&"."&F100 -> 02.2.07.000.000 | B100: 02 | C100: 2 | D100: 07 | E100: 000 | F100: 000 | G100: Construction Costs | H100: External and ancillary works
A101: =B101&"."&C101&"."&D101&"."&E101&"."&F101 -> 02.2.07.010.000 | B101: 02 | C101: 2 | D101: 07 | E101: 010 | F101: 000 | G101: Construction Costs | H101: External and ancillary works | I101: Site enclosures and divisions
A102: =B102&"."&C102&"."&D102&"."&E102&"."&F102 -> 02.2.07.020.000 | B102: 02 | C102: 2 | D102: 07 | E102: 020 | F102: 000 | G102: Construction Costs | H102: External and ancillary works | I102: Ancillary structures
A103: =B103&"."&C103&"."&D103&"."&E103&"."&F103 -> 02.2.07.030.000 | B103: 02 | C103: 2 | D103: 07 | E103: 030 | F103: 000 | G103: Construction Costs | H103: External and ancillary works | I103: Roads and paving (not amounting to a Sub- Project)
...

Sheet Building Level
A1: Project | D1: Cost Category | F1: Cost Category | G1: Cost Group | I1: Cost Group | J1: Cost Sub-Group
A2: Buildings | B2: 01 | C2: Buildings | D2: Acquisition Costs (AC) | E2: 1 | F2: Acquisition Costs (AC) | G2: Site acquisition | H2: 01 | I2: Site acquisition | J2: Costs and premium required to procure site | K2: 010
A3: Roads, runways and motorways | B3: 02 | C3: Buildings | D3: Construction Costs (CC) | E3: 2 | F3: Acquisition Costs (AC) | G3: Administrative, financial, legal and marketing expenses | H3: 02 | I3: Site acquisition | J3: Compensation to existing occupiers | K3: 020
A4: Railways | B4: 03 | C4: Buildings | D4: Renewal Costs (RC) | E4: 3 | F4: Construction Costs (CC) | G4: Demolition, site preparation and formation | H4: 01 | I4: Site acquisition | J4: Demolition, removal and modification of existing properties by way of payment to existing owners instead of carrying out physical work | K4: 030
A5: Bridges | B5: 04 | C5: Buildings | D5: Operation Costs (OC) | E5: 4 | F5: Construction Costs (CC) | G5: Substructure | H5: 02 | I5: Site acquisition | J5: Contributions for the preservation of heritage, culture and environment | K5: 040
A6: Tunnels | B6: 05 | C6: Buildings | D6: Maintenance Costs (MC) | E6: 5 | F6: Construction Costs (CC) | G6: Structure | H6: 03 | I6: Site acquisition | J6: Related fees to agents, lawyers, and the like | K6: 050
A7: Waste water treatment works | B7: 06 | C7: Buildings | D7: End of Life Costs (EC) | E7: 6 | F7: Construction Costs (CC) | G7: Architectural works | Non-structural works | H7: 04 | I7: Site acquisition | J7: Related taxes and statutory charges | K7: 060
A8: Water treatment works | B8: 07 | F8: Construction Costs (CC) | G8: Services and equipment | H8: 05 | I8: Administrative, financial, legal and marketing expenses | J8: Client’s general office overheads | K8: 010
A9: Pipelines | B9: 08 | F9: Construction Costs (CC) | G9: Surface and underground drainage | H9: 06 | I9: Administrative, financial, legal and marketing expenses | J9: Client’s project-specific administrative expenses | K9: 020
A10: Wells and boreholes | B10: 09 | F10: Construction Costs (CC) | G10: External and ancillary works | H10: 07 | I10: Administrative, financial, legal and marketing expenses | J10: Interest and finance costs | K10: 030
A11: Power-generating plants | B11: 10 | F11: Construction Costs (CC) | G11: Preliminaries | Constructors’ site overheads | general requirements | H11: 08 | I11: Administrative, financial, legal and marketing expenses | J11: Legal expenses | K11: 040
A12: Chemical plants | B12: 11 | F12: Construction Costs (CC) | G12: Risk Allowances | H12: 09 | I12: Administrative, financial, legal and marketing expenses | J12: Accounting expenses | K12: 050
A13: Refineries | B13: 12 | F13: Construction Costs (CC) | G13: Taxes and Levies | H13: 10 | I13: Administrative, financial, legal and marketing expenses | J13: Sales, leasing, marketing, advertising and promotional expenses | K13: 060
A14: Dams and reservoirs | B14: 13 | F14: Construction Costs (CC) | G14: Work and utilities off-site | H14: 11 | I14: Administrative, financial, legal and marketing expenses | J14: Taxes and statutory charges related to sales and lease | K14: 070
A15: Mines and quarries | B15: 14 | F15: Construction Costs (CC) | G15: Post-completion loose furniture, fittings and equipment | H15: 12 | I15: Administrative, financial, legal and marketing expenses | J15: License and permit charges for operation and use | K15: 080
F16: Construction Costs (CC) | G16: Construction | Renewal | Maintenance-related consultancies and supervision | H16: 13 | I16: Demolition, site preparation and formation | J16: Site survey and ground investigation | K16: 010
F17: Renewal Costs (RC) | G17: Demolition, site preparation and formation | H17: 01 | I17: Demolition, site preparation and formation | J17: Environmental treatment | K17: 020
F18: Renewal Costs (RC) | G18: Substructure | H18: 02 | I18: Demolition, site preparation and formation | J18: Sampling of hazardous or useful materials or conditions | K18: 030
F19: Renewal Costs (RC) | G19: Structure | H19: 03 | I19: Demolition, site preparation and formation | J19: Temporary fencing | K19: 040
F20: Renewal Costs (RC) | G20: Architectural works | Non-structural works | H20: 04 | I20: Demolition, site preparation and formation | J20: Demolition of existing buildings and support to adjacent structures | K20: 050
F21: Renewal Costs (RC) | G21: Services and equipment | H21: 05 | I21: Demolition, site preparation and formation | J21: Site surface clearance (clearing, grubbing, topsoil stripping, tree felling, minor earthwork, removal) | K21: 060
F22: Renewal Costs (RC) | G22: Surface and underground drainage | H22: 06 | I22: Demolition, site preparation and formation | J22: Tree transplant | K22: 070
F23: Renewal Costs (RC) | G23: External and ancillary works | H23: 07 | I23: Demolition, site preparation and formation | J23: Site formation and slope treatment | K23: 080
F24: Renewal Costs (RC) | G24: Preliminaries | Constructors’ site overheads | general requirements | H24: 08 | I24: Demolition, site preparation and formation | J24: Temporary surface drainage and dewatering | K24: 090
F25: Renewal Costs (RC) | G25: Risk Allowances | H25: 09 | I25: Demolition, site preparation and formation | J25: Temporary protection, diversion and relocation of public utilities | K25: 100
F26: Renewal Costs (RC) | G26: Taxes and Levies | H26: 10 | I26: Demolition, site preparation and formation | J26: Erosion control | K26: 110
F27: Renewal Costs (RC) | G27: Work and utilities off-site | H27: 11 | I27: Substructure | J27: Foundation piling and underpinning | K27: 010
... F57: End of Life Costs (EC) | G57: Taxes and Levies | H57: 07 | I57: Services and equipment | J57: Water and waste water treatment equipment | K57: 150
I58: Services and equipment | J58: Fountains, pools and filtration plant | K58: 160
I59: Services and equipment | J59: Powered building signage | K59: 170
I60: Services and equipment | J60: Audio/visual entertainment system | K60: 175
I61: Services and equipment | J61: Kitchen equipment | K61: 180
I62: Services and equipment | J62: Cold room equipment | K62: 190
I63: Services and equipment | J63: Laboratory equipment | K63: 200
I64: Services and equipment | J64: Medical equipment | K64: 210
I65: Services and equipment | J65: Hotel equipment | K65: 220
I66: Services and equipment | J66: Car park or entrances access control | K66: 230
I67: Services and equipment | J67: Domestic appliances | K67: 240
I68: Services and equipment | J68: Other specialist services | K68: 250
I69: Services and equipment | J69: Builder’s profit and attendance on services | K69: 260
... I141: Taxes and Levies | J141: Credit for grants | K141: 030

Sheet Civil Level
A1: Project | D1: Cost Category | F1: Cost Category | G1: Cost Group | I1: Cost Group | J1: Cost Sub-Group
A2: Buildings | B2: 01 | C2: Buildings | D2: Acquisition Costs (AC) | E2: 1 | F2: Acquisition Costs (AC) | G2: Site acquisition | H2: 01 | I2: Site acquisition | J2: Costs and premium required to procure site | K2: 010
A3: Roads, runways and motorways | B3: 02 | C3: Buildings | D3: Construction Costs (CC) | E3: 2 | F3: Acquisition Costs (AC) | G3: Administrative, financial, legal and marketing expenses | H3: 02 | I3: Site acquisition | J3: Compensation to existing occupiers | K3: 020
A4: Railways | B4: 03 | C4: Buildings | D4: Renewal Costs (RC) | E4: 3 | F4: Construction Costs (CC) | G4: Demolition, site preparation and formation | H4: 01 | I4: Site acquisition | J4: Demolition, removal and modification of existing properties by way of payment to existing owners instead of carrying out physical work | K4: 030
A5: Bridges | B5: 04 | C5: Buildings | D5: Operation Costs (OC) | E5: 4 | F5: Construction Costs (CC) | G5: Substructure | H5: 02 | I5: Site acquisition | J5: Contributions for the preservation of heritage, culture and environment | K5: 040
A6: Tunnels | B6: 05 | C6: Buildings | D6: Maintenance Costs (MC) | E6: 5 | F6: Construction Costs (CC) | G6: Structure | H6: 03 | I6: Site acquisition | J6: Related fees to agents, lawyers, and the like | K6: 050
A7: Waste water treatment works | B7: 06 | C7: Buildings | D7: End of Life Costs (EC) | E7: 6 | F7: Construction Costs (CC) | G7: Non-structural works | H7: 04 | I7: Site acquisition | J7: Related taxes and statutory charges | K7: 060
A8: Water treatment works | B8: 07 | F8: Construction Costs (CC) | G8: Services and equipment | H8: 05 | I8: Administrative, financial, legal and marketing expenses | J8: Client’s general office overheads | K8: 010
A9: Pipelines | B9: 08 | F9: Construction Costs (CC) | G9: Surface and underground drainage | H9: 06 | I9: Administrative, financial, legal and marketing expenses | J9: Client’s project-specific administrative expenses | K9: 020
A10: Wells and boreholes | B10: 09 | F10: Construction Costs (CC) | G10: External and ancillary works | H10: 07 | I10: Administrative, financial, legal and marketing expenses | J10: Interest and finance costs | K10: 030
A11: Power-generating plants | B11: 10 | F11: Construction Costs (CC) | G11: Preliminaries | Constructors’ site overheads | general requirements | H11: 08 | I11: Administrative, financial, legal and marketing expenses | J11: Legal expenses | K11: 040
A12: Chemical plants | B12: 11 | F12: Construction Costs (CC) | G12: Risk Allowances | H12: 09 | I12: Administrative, financial, legal and marketing expenses | J12: Accounting expenses | K12: 050
A13: Refineries | B13: 12 | F13: Construction Costs (CC) | G13: Taxes and Levies | H13: 10 | I13: Administrative, financial, legal and marketing expenses | J13: Sales, leasing, marketing, advertising and promotional expenses | K13: 060
A14: Dams and reservoirs | B14: 13 | F14: Construction Costs (CC) | G14: Work and utilities off-site | H14: 11 | I14: Administrative, financial, legal and marketing expenses | J14: Taxes and statutory charges related to sales and lease | K14: 070
A15: Mines and quarries | B15: 14 | F15: Construction Costs (CC) | G15: Post-completion loose furniture, fittings and equipment | H15: 12 | I15: Administrative, financial, legal and marketing expenses | J15: License and permit charges for operation and use | K15: 080
F16: Construction Costs (CC) | G16: Construction | Renewal | Maintenance-related consultancies and supervision | H16: 13 | I16: Demolition, site preparation and formation | J16: Site survey and ground investigation | K16: 010
F17: Renewal Costs (RC) | G17: Demolition, site preparation and formation | H17: 01 | I17: Demolition, site preparation and formation | J17: Environmental treatment | K17: 020
F18: Renewal Costs (RC) | G18: Substructure | H18: 02 | I18: Demolition, site preparation and formation | J18: Sampling of hazardous or useful materials or conditions | K18: 030
F19: Renewal Costs (RC) | G19: Structure | H19: 03 | I19: Demolition, site preparation and formation | J19: Temporary fencing | K19: 040
F20: Renewal Costs (RC) | G20: Architectural works | Non-structural works | H20: 04 | I20: Demolition, site preparation and formation | J20: Demolition of existing structures and support to adjacent structures | K20: 050
F21: Renewal Costs (RC) | G21: Services and equipment | H21: 05 | I21: Demolition, site preparation and formation | J21: Site surface clearance (clearing, grubbing, topsoil stripping, tree felling, minor earthwork, removal) | K21: 060
F22: Renewal Costs (RC) | G22: Surface and underground drainage | H22: 06 | I22: Demolition, site preparation and formation | J22: Tree transplant | K22: 070
F23: Renewal Costs (RC) | G23: External and ancillary works | H23: 07 | I23: Demolition, site preparation and formation | J23: General site formation and slope treatment | K23: 080
F24: Renewal Costs (RC) | G24: Preliminaries | Constructors’ site overheads | general requirements | H24: 08 | I24: Demolition, site preparation and formation | J24: Temporary surface drainage and dewatering | K24: 090
F25: Renewal Costs (RC) | G25: Risk Allowances | H25: 09 | I25: Demolition, site preparation and formation | J25: Temporary access roads and storage areas (provided under an advance contract) | K25: 100
F26: Renewal Costs (RC) | G26: Taxes and Levies | H26: 10 | I26: Demolition, site preparation and formation | J26: Temporary protection, diversion and relocation of public utilities | K26: 110
F27: Renewal Costs (RC) | G27: Work and utilities off-site | H27: 11 | I27: Demolition, site preparation and formation | J27: Erosion control | K27: 120
F28: Renewal Costs (RC) | G28: Post-completion loose furniture, fittings and equipment | H28: 12 | I28: Substructure | J28: Embankments/cuttings | K28: 010
F29: Renewal Costs (RC) | G29: Construction | Renewal | Maintenance-related consultancies and supervision | H29: 13 | I29: Substructure | J29: Excavation, disposal and lateral supports (specifically to receive any substructure construction but excluding general site formation and slope treatment) | K29: 020
F30: Operation Costs (OC) | G30: Cleaning | H30: 01 | I30: Substructure | J30: Trenching | K30: 030
F31: Operation Costs (OC) | G31: Utilities | H31: 02 | I31: Substructure | J31: Drilling/boring | K31: 040
F32: Operation Costs (OC) | G32: Waste management | H32: 03 | I32: Substructure | J32: Piling/anchoring | K32: 050
F33: Operation Costs (OC) | G33: Security | H33: 04 | I33: Substructure | J33: Structural backfill/ground remediation | K33: 060
F34: Operation Costs (OC) | G34: Information and communications technology | H34: 05 | I34: Substructure | J34: Earth-retaining structures | K34: 070
F35: Operation Costs (OC) | G35: Operators’ site overheads | general requirements | H35: 06 | I35: Substructure | J35: Abutments/wing walls | K35: 080
F36: Operation Costs (OC) | G36: Risk Allowances | H36: 07 | I36: Substructure | J36: Pile caps/footings/bases (nearest to the ground level or water level if constructed in water) | K36: 090
F37: Operation Costs (OC) | G37: Taxes and Levies | H37: 08 | I37: Substructure | J37: Sub-base to pavements and rail track structures | K37: 100
F38: Maintenance Costs (MC) | G38: Demolition, site preparation and formation | H38: 01 | I38: Substructure | J38: Bases to supports for tanks, pipes, well heads and the like | K38: 110
F39: Maintenance Costs (MC) | G39: Substructure | H39: 02 | I39: Substructure | J39: Beds and surrounds to underground pipes | K39: 120
F40: Maintenance Costs (MC) | G40: Structure | H40: 03 | I40: Structure | J40: Piers and towers | K40: 010
F41: Maintenance Costs (MC) | G41: Architectural works | Non-structural works | H41: 04 | I41: Structure | J41: Suspension system | K41: 020
F42: Maintenance Costs (MC) | G42: Services and equipment | H42: 05 | I42: Structure | J42: Decks | K42: 030
F43: Maintenance Costs (MC) | G43: Surface and underground drainage | H43: 06 | I43: Structure | J43: Bearings | K43: 040
F44: Maintenance Costs (MC) | G44: External and ancillary works | H44: 07 | I44: Structure | J44: Tunnel lining | K44: 050
F45: Maintenance Costs (MC) | G45: Preliminaries | Constructors’ site overheads | general requirements | H45: 08 | I45: Structure | J45: Road/track base | K45: 060
F46: Maintenance Costs (MC) | G46: Risk Allowances | H46: 09 | I46: Structure | J46: Pavement | K46: 070
F47: Maintenance Costs (MC) | G47: Taxes and Levies | H47: 10 | I47: Structure | J47: Service roads and approaches | K47: 080
F48: Maintenance Costs (MC) | G48: Work and utilities off-site | H48: 11 | I48: Structure | J48: Parapets/edge treatment | K48: 090
F49: Maintenance Costs (MC) | G49: Post-completion loose furniture, fittings and equipment | H49: 12 | I49: Structure | J49: Main structures | K49: 100
F50: Maintenance Costs (MC) | G50: Construction | Renewal | Maintenance-related consultancies and supervision | H50: 13 | I50: Structure | J50: Tanks, rigs, storage containers and the like | K50: 110
F51: End of Life Costs (EC) | G51: Disposal inspection | H51: 01 | I51: Structure | J51: Supports for tanks, pipes and the like | K51: 120
... F57: End of Life Costs (EC) | G57: Taxes and Levies | H57: 07 | I57: Non-structural works | J57: Signage, markings and the like | K57: 040
I58: Non-structural works | J58: Gantries and the like | K58: 050
I59: Non-structural works | J59: Safety facilities | K59: 060
I60: Non-structural works | J60: Barriers/rails and means of access | K60: 070
I61: Non-structural works | J61: Special equipment and fittings | K61: 080
I62: Non-structural works | J62: Interior landscaping | K62: 090
I63: Non-structural works | J63: Builders’ work in connection with services | K63: 100
I64: Services and equipment | J64: Mechanical systems | K64: 010
I65: Services and equipment | J65: Lighting systems | K65: 020
I66: Services and equipment | J66: Illuminations | K66: 030
I67: Services and equipment | J67: Low-voltage power supply | K67: 040
I68: Services and equipment | J68: High-voltage power supply | K68: 050
I69: Services and equipment | J69: Cables/cable trays | K69: 060
... I144: Taxes and Levies | J144: Credit for grants | K144: 030

Sheet Building Map
I4: Cost Category | J4: Cost Group | K4: Cost Sub-Group | L4: Cost Sub Sub-Group | N4: L2 | O4: L3 | P4: L4 | Q4: L5 | S4: Unique ID | U4: Notes
A5: A Shell
A6: A1 Substructure
A7: A11 Foundations
I8: Construction Costs (CC) | J8: Substructure | K8: Foundations up to top of lowest floor slabs | N8: =IF(I8=0, "00", VLOOKUP(I8,'Building Level'!$D$2:$E$100,2,FALSE)) -> 2 | O8: =IF(J8=0,"00",VLOOKUP(J8,'Building Level'!$G$2:$H$100,2,FALSE)) -> 02 | P8: =IF(K8=0,"000",VLOOKUP(K8,'Building Level'!$J$2:$K$200,2,FALSE)) -> 020 | Q8: =IF(L8=0,"000",VLOOKUP(L8,'Building Level'!$M$2:$N$172,2,FALSE)) -> 000 | S8: =N8&"."&O8&"."&P8 -> 2.02.020
I9: Construction Costs (CC) | J9: Substructure | K9: Basement sides and bottom | N9: =IF(I9=0, "00", VLOOKUP(I9,'Building Level'!$D$2:$E$100,2,FALSE)) -> 2 | O9: =IF(J9=0,"00",VLOOKUP(J9,'Building Level'!$G$2:$H$100,2,FALSE)) -> 02 | P9: =IF(K9=0,"000",VLOOKUP(K9,'Building Level'!$J$2:$K$200,2,FALSE)) -> 030 | Q9: =IF(L9=0,"000",VLOOKUP(L9,'Building Level'!$M$2:$N$172,2,FALSE)) -> 000 | S9: =N9&"."&O9&"."&P9 -> 2.02.030
I10: Construction Costs (CC) | J10: Demolition, site preparation and formation | K10: Temporary surface drainage and dewatering | N10: =IF(I10=0, "00", VLOOKUP(I10,'Building Level'!$D$2:$E$100,2,FALSE)) -> 2 | O10: =IF(J10=0,"00",VLOOKUP(J10,'Building Level'!$G$2:$H$100,2,FALSE)) -> 01 | P10: =IF(K10=0,"000",VLOOKUP(K10,'Building Level'!$J$2:$K$200,2,FALSE)) -> 090 | Q10: =IF(L10=0,"000",VLOOKUP(L10,'Building Level'!$M$2:$N$172,2,FALSE)) -> 000 | S10: =N10&"."&O10&"."&P10 -> 2.01.090
I11: Renewal Costs (RC) | J11: Substructure | K11: Foundations up to top of lowest floor slabs | N11: =IF(I11=0, "00", VLOOKUP(I11,'Building Level'!$D$2:$E$100,2,FALSE)) -> 3 | O11: =IF(J11=0,"00",VLOOKUP(J11,'Building Level'!$G$2:$H$100,2,FALSE)) -> 02 | P11: =IF(K11=0,"000",VLOOKUP(K11,'Building Level'!$J$2:$K$200,2,FALSE)) -> 020 | Q11: =IF(L11=0,"000",VLOOKUP(L11,'Building Level'!$M$2:$N$172,2,FALSE)) -> 000 | S11: =N11&"."&O11&"."&P11 -> 3.02.020
I12: Renewal Costs (RC) | J12: Substructure | K12: Basement sides and bottom | N12: =IF(I12=0, "00", VLOOKUP(I12,'Building Level'!$D$2:$E$100,2,FALSE)) -> 3 | O12: =IF(J12=0,"00",VLOOKUP(J12,'Building Level'!$G$2:$H$100,2,FALSE)) -> 02 | P12: =IF(K12=0,"000",VLOOKUP(K12,'Building Level'!$J$2:$K$200,2,FALSE)) -> 030 | Q12: =IF(L12=0,"000",VLOOKUP(L12,'Building Level'!$M$2:$N$172,2,FALSE)) -> 000 | S12: =N12&"."&O12&"."&P12 -> 3.02.030
I13: Renewal Costs (RC) | J13: Demolition, site preparation and formation | K13: Temporary surface drainage and dewatering | N13: =IF(I13=0, "00", VLOOKUP(I13,'Building Level'!$D$2:$E$100,2,FALSE)) -> 3 | O13: =IF(J13=0,"00",VLOOKUP(J13,'Building Level'!$G$2:$H$100,2,FALSE)) -> 01 | P13: =IF(K13=0,"000",VLOOKUP(K13,'Building Level'!$J$2:$K$200,2,FALSE)) -> 090 | Q13: =IF(L13=0,"000",VLOOKUP(L13,'Building Level'!$M$2:$N$172,2,FALSE)) -> 000 | S13: =N13&"."&O13&"."&P13 -> 3.01.090
I14: Maintenance Costs (MC) | J14: Substructure | K14: Foundations up to top of lowest floor slabs | N14: =IF(I14=0, "00", VLOOKUP(I14,'Building Level'!$D$2:$E$100,2,FALSE)) -> 5 | O14: =IF(J14=0,"00",VLOOKUP(J14,'Building Level'!$G$2:$H$100,2,FALSE)) -> 02 | P14: =IF(K14=0,"000",VLOOKUP(K14,'Building Level'!$J$2:$K$200,2,FALSE)) -> 020 | Q14: =IF(L14=0,"000",VLOOKUP(L14,'Building Level'!$M$2:$N$172,2,FALSE)) -> 000 | S14: =N14&"."&O14&"."&P14 -> 5.02.020
I15: Maintenance Costs (MC) | J15: Substructure | K15: Basement sides and bottom | N15: =IF(I15=0, "00", VLOOKUP(I15,'Building Level'!$D$2:$E$100,2,FALSE)) -> 5 | O15: =IF(J15=0,"00",VLOOKUP(J15,'Building Level'!$G$2:$H$100,2,FALSE)) -> 02 | P15: =IF(K15=0,"000",VLOOKUP(K15,'Building Level'!$J$2:$K$200,2,FALSE)) -> 030 | Q15: =IF(L15=0,"000",VLOOKUP(L15,'Building Level'!$M$2:$N$172,2,FALSE)) -> 000 | S15: =N15&"."&O15&"."&P15 -> 5.02.030
I16: Maintenance Costs (MC) | J16: Demolition, site preparation and formation | K16: Temporary surface drainage and dewatering | N16: =IF(I16=0, "00", VLOOKUP(I16,'Building Level'!$D$2:$E$100,2,FALSE)) -> 5 | O16: =IF(J16=0,"00",VLOOKUP(J16,'Building Level'!$G$2:$H$100,2,FALSE)) -> 01 | P16: =IF(K16=0,"000",VLOOKUP(K16,'Building Level'!$J$2:$K$200,2,FALSE)) -> 090 | Q16: =IF(L16=0,"000",VLOOKUP(L16,'Building Level'!$M$2:$N$172,2,FALSE)) -> 000 | S16: =N16&"."&O16&"."&P16 -> 5.01.090
A17: A12 Basement Excavation
I18: Construction Costs (CC) | J18: Substructure | K18: Basement sides and bottom | N18: =IF(I18=0, "00", VLOOKUP(I18,'Building Level'!$D$2:$E$100,2,FALSE)) -> 2 | O18: =IF(J18=0,"00",VLOOKUP(J18,'Building Level'!$G$2:$H$100,2,FALSE)) -> 02 | P18: =IF(K18=0,"000",VLOOKUP(K18,'Building Level'!$J$2:$K$200,2,FALSE)) -> 030 | Q18: =IF(L18=0,"000",VLOOKUP(L18,'Building Level'!$M$2:$N$172,2,FALSE)) -> 000 | S18: =N18&"."&O18&"."&P18 -> 2.02.030
I19: Construction Costs (CC) | J19: Substructure | K19: Foundation piling and underpinning | N19: =IF(I19=0, "00", VLOOKUP(I19,'Building Level'!$D$2:$E$100,2,FALSE)) -> 2 | O19: =IF(J19=0,"00",VLOOKUP(J19,'Building Level'!$G$2:$H$100,2,FALSE)) -> 02 | P19: =IF(K19=0,"000",VLOOKUP(K19,'Building Level'!$J$2:$K$200,2,FALSE)) -> 010 | Q19: =IF(L19=0,"000",VLOOKUP(L19,'Building Level'!$M$2:$N$172,2,FALSE)) -> 000 | S19: =N19&"."&O19&"."&P19 -> 2.02.010
I20: Construction Costs (CC) | J20: Demolition, site preparation and formation | K20: Temporary surface drainage and dewatering | N20: =IF(I20=0, "00", VLOOKUP(I20,'Building Level'!$D$2:$E$100,2,FALSE)) -> 2 | O20: =IF(J20=0,"00",VLOOKUP(J20,'Building Level'!$G$2:$H$100,2,FALSE)) -> 01 | P20: =IF(K20=0,"000",VLOOKUP(K20,'Building Level'!$J$2:$K$200,2,FALSE)) -> 090 | Q20: =IF(L20=0,"000",VLOOKUP(L20,'Building Level'!$M$2:$N$172,2,FALSE)) -> 000 | S20: =N20&"."&O20&"."&P20 -> 2.01.090
I21: Renewal Costs (RC) | J21: Substructure | K21: Basement sides and bottom | N21: =IF(I21=0, "00", VLOOKUP(I21,'Building Level'!$D$2:$E$100,2,FALSE)) -> 3 | O21: =IF(J21=0,"00",VLOOKUP(J21,'Building Level'!$G$2:$H$100,2,FALSE)) -> 02 | P21: =IF(K21=0,"000",VLOOKUP(K21,'Building Level'!$J$2:$K$200,2,FALSE)) -> 030 | Q21: =IF(L21=0,"000",VLOOKUP(L21,'Building Level'!$M$2:$N$172,2,FALSE)) -> 000 | S21: =N21&"."&O21&"."&P21 -> 3.02.030
I22: Renewal Costs (RC) | J22: Substructure | K22: Foundation piling and underpinning | N22: =IF(I22=0, "00", VLOOKUP(I22,'Building Level'!$D$2:$E$100,2,FALSE)) -> 3 | O22: =IF(J22=0,"00",VLOOKUP(J22,'Building Level'!$G$2:$H$100,2,FALSE)) -> 02 | P22: =IF(K22=0,"000",VLOOKUP(K22,'Building Level'!$J$2:$K$200,2,FALSE)) -> 010 | Q22: =IF(L22=0,"000",VLOOKUP(L22,'Building Level'!$M$2:$N$172,2,FALSE)) -> 000 | S22: =N22&"."&O22&"."&P22 -> 3.02.010
I23: Renewal Costs (RC) | J23: Demolition, site preparation and formation | K23: Temporary surface drainage and dewatering | N23: =IF(I23=0, "00", VLOOKUP(I23,'Building Level'!$D$2:$E$100,2,FALSE)) -> 3 | O23: =IF(J23=0,"00",VLOOKUP(J23,'Building Level'!$G$2:$H$100,2,FALSE)) -> 01 | P23: =IF(K23=0,"000",VLOOKUP(K23,'Building Level'!$J$2:$K$200,2,FALSE)) -> 090 | Q23: =IF(L23=0,"000",VLOOKUP(L23,'Building Level'!$M$2:$N$172,2,FALSE)) -> 000 | S23: =N23&"."&O23&"."&P23 -> 3.01.090
I24: Maintenance Costs (MC) | J24: Substructure | K24: Basement sides and bottom | N24: =IF(I24=0, "00", VLOOKUP(I24,'Building Level'!$D$2:$E$100,2,FALSE)) -> 5 | O24: =IF(J24=0,"00",VLOOKUP(J24,'Building Level'!$G$2:$H$100,2,FALSE)) -> 02 | P24: =IF(K24=0,"000",VLOOKUP(K24,'Building Level'!$J$2:$K$200,2,FALSE)) -> 030 | Q24: =IF(L24=0,"000",VLOOKUP(L24,'Building Level'!$M$2:$N$172,2,FALSE)) -> 000 | S24: =N24&"."&O24&"."&P24 -> 5.02.030
I25: Maintenance Costs (MC) | J25: Substructure | K25: Foundation piling and underpinning | N25: =IF(I25=0, "00", VLOOKUP(I25,'Building Level'!$D$2:$E$100,2,FALSE)) -> 5 | O25: =IF(J25=0,"00",VLOOKUP(J25,'Building Level'!$G$2:$H$100,2,FALSE)) -> 02 | P25: =IF(K25=0,"000",VLOOKUP(K25,'Building Level'!$J$2:$K$200,2,FALSE)) -> 010 | Q25: =IF(L25=0,"000",VLOOKUP(L25,'Building Level'!$M$2:$N$172,2,FALSE)) -> 000 | S25: =N25&"."&O25&"."&P25 -> 5.02.010
I26: Maintenance Costs (MC) | J26: Demolition, site preparation and formation | K26: Temporary surface drainage and dewatering | N26: =IF(I26=0, "00", VLOOKUP(I26,'Building Level'!$D$2:$E$100,2,FALSE)) -> 5 | O26: =IF(J26=0,"00",VLOOKUP(J26,'Building Level'!$G$2:$H$100,2,FALSE)) -> 01 | P26: =IF(K26=0,"000",VLOOKUP(K26,'Building Level'!$J$2:$K$200,2,FALSE)) -> 090 | Q26: =IF(L26=0,"000",VLOOKUP(L26,'Building Level'!$M$2:$N$172,2,FALSE)) -> 000 | S26: =N26&"."&O26&"."&P26 -> 5.01.090
A27: A13 Special Conditions
I28: Construction Costs (CC) | J28: Substructure | K28: Foundation piling and underpinning | N28: =IF(I28=0, "00", VLOOKUP(I28,'Building Level'!$D$2:$E$100,2,FALSE)) -> 2 | O28: =IF(J28=0,"00",VLOOKUP(J28,'Building Level'!$G$2:$H$100,2,FALSE)) -> 02 | P28: =IF(K28=0,"000",VLOOKUP(K28,'Building Level'!$J$2:$K$200,2,FALSE)) -> 010 | Q28: =IF(L28=0,"000",VLOOKUP(L28,'Building Level'!$M$2:$N$172,2,FALSE)) -> 000 | S28: =N28&"."&O28&"."&P28 -> 2.02.010
I29: Construction Costs (CC) | J29: Demolition, site preparation and formation | K29: Temporary surface drainage and dewatering | N29: =IF(I29=0, "00", VLOOKUP(I29,'Building Level'!$D$2:$E$100,2,FALSE)) -> 2 | O29: =IF(J29=0,"00",VLOOKUP(J29,'Building Level'!$G$2:$H$100,2,FALSE)) -> 01 | P29: =IF(K29=0,"000",VLOOKUP(K29,'Building Level'!$J$2:$K$200,2,FALSE)) -> 090 | Q29: =IF(L29=0,"000",VLOOKUP(L29,'Building Level'!$M$2:$N$172,2,FALSE)) -> 000 | S29: =N29&"."&O29&"."&P29 -> 2.01.090
I30: Renewal Costs (RC) | J30: Substructure | K30: Foundation piling and underpinning | N30: =IF(I30=0, "00", VLOOKUP(I30,'Building Level'!$D$2:$E$100,2,FALSE)) -> 3 | O30: =IF(J30=0,"00",VLOOKUP(J30,'Building Level'!$G$2:$H$100,2,FALSE)) -> 02 | P30: =IF(K30=0,"000",VLOOKUP(K30,'Building Level'!$J$2:$K$200,2,FALSE)) -> 010 | Q30: =IF(L30=0,"000",VLOOKUP(L30,'Building Level'!$M$2:$N$172,2,FALSE)) -> 000 | S30: =N30&"."&O30&"."&P30 -> 3.02.010
I31: Renewal Costs (RC) | J31: Demolition, site preparation and formation | K31: Temporary surface drainage and dewatering | N31: =IF(I31=0, "00", VLOOKUP(I31,'Building Level'!$D$2:$E$100,2,FALSE)) -> 3 | O31: =IF(J31=0,"00",VLOOKUP(J31,'Building Level'!$G$2:$H$100,2,FALSE)) -> 01 | P31: =IF(K31=0,"000",VLOOKUP(K31,'Building Level'!$J$2:$K$200,2,FALSE)) -> 090 | Q31: =IF(L31=0,"000",VLOOKUP(L31,'Building Level'!$M$2:$N$172,2,FALSE)) -> 000 | S31: =N31&"."&O31&"."&P31 -> 3.01.090
I32: Maintenance Costs (MC) | J32: Substructure | K32: Foundation piling and underpinning | N32: =IF(I32=0, "00", VLOOKUP(I32,'Building Level'!$D$2:$E$100,2,FALSE)) -> 5 | O32: =IF(J32=0,"00",VLOOKUP(J32,'Building Level'!$G$2:$H$100,2,FALSE)) -> 02 | P32: =IF(K32=0,"000",VLOOKUP(K32,'Building Level'!$J$2:$K$200,2,FALSE)) -> 010 | Q32: =IF(L32=0,"000",VLOOKUP(L32,'Building Level'!$M$2:$N$172,2,FALSE)) -> 000 | S32: =N32&"."&O32&"."&P32 -> 5.02.010
I33: Maintenance Costs (MC) | J33: Demolition, site preparation and formation | K33: Temporary surface drainage and dewatering | N33: =IF(I33=0, "00", VLOOKUP(I33,'Building Level'!$D$2:$E$100,2,FALSE)) -> 5 | O33: =IF(J33=0,"00",VLOOKUP(J33,'Building Level'!$G$2:$H$100,2,FALSE)) -> 01 | P33: =IF(K33=0,"000",VLOOKUP(K33,'Building Level'!$J$2:$K$200,2,FALSE)) -> 090 | Q33: =IF(L33=0,"000",VLOOKUP(L33,'Building Level'!$M$2:$N$172,2,FALSE)) -> 000 | S33: =N33&"."&O33&"."&P33 -> 5.01.090
A35: A2 Structure
A36: A21 Lowest Floor Construction
I37: Construction Costs (CC) | J37: Structure | K37: Basement suspended floors (up to top of ground floor slabs) | N37: =IF(I37=0, "00", VLOOKUP(I37,'Building Level'!$D$2:$E$100,2,FALSE)) -> 2 | O37: =IF(J37=0,"00",VLOOKUP(J37,'Building Level'!$G$2:$H$100,2,FALSE)) -> 03 | P37: =IF(K37=0,"000",VLOOKUP(K37,'Building Level'!$J$2:$K$200,2,FALSE)) -> 020 | Q37: =IF(L37=0,"000",VLOOKUP(L37,'Building Level'!$M$2:$N$172,2,FALSE)) -> 000 | S37: =N37&"."&O37&"."&P37 -> 2.03.020
I38: Construction Costs (CC) | J38: Structure | K38: Frames and slabs (above top of ground floor slabs) | N38: =IF(I38=0, "00", VLOOKUP(I38,'Building Level'!$D$2:$E$100,2,FALSE)) -> 2 | O38: =IF(J38=0,"00",VLOOKUP(J38,'Building Level'!$G$2:$H$100,2,FALSE)) -> 03 | P38: =IF(K38=0,"000",VLOOKUP(K38,'Building Level'!$J$2:$K$200,2,FALSE)) -> 030 | Q38: =IF(L38=0,"000",VLOOKUP(L38,'Building Level'!$M$2:$N$172,2,FALSE)) -> 000 | S38: =N38&"."&O38&"."&P38 -> 2.03.030
I39: Construction Costs (CC) | J39: Substructure | K39: Basement sides and bottom | N39: =IF(I39=0, "00", VLOOKUP(I39,'Building Level'!$D$2:$E$100,2,FALSE)) -> 2 | O39: =IF(J39=0,"00",VLOOKUP(J39,'Building Level'!$G$2:$H$100,2,FALSE)) -> 02 | P39: =IF(K39=0,"000",VLOOKUP(K39,'Building Level'!$J$2:$K$200,2,FALSE)) -> 030 | Q39: =IF(L39=0,"000",VLOOKUP(L39,'Building Level'!$M$2:$N$172,2,FALSE)) -> 000 | S39: =N39&"."&O39&"."&P39 -> 2.02.030
I40: Renewal Costs (RC) | J40: Structure | K40: Basement suspended floors (up to top of ground floor slabs) | N40: =IF(I40=0, "00", VLOOKUP(I40,'Building Level'!$D$2:$E$100,2,FALSE)) -> 3 | O40: =IF(J40=0,"00",VLOOKUP(J40,'Building Level'!$G$2:$H$100,2,FALSE)) -> 03 | P40: =IF(K40=0,"000",VLOOKUP(K40,'Building Level'!$J$2:$K$200,2,FALSE)) -> 020 | Q40: =IF(L40=0,"000",VLOOKUP(L40,'Building Level'!$M$2:$N$172,2,FALSE)) -> 000 | S40: =N40&"."&O40&"."&P40 -> 3.03.020
I41: Renewal Costs (RC) | J41: Structure | K41: Frames and slabs (above top of ground floor slabs) | N41: =IF(I41=0, "00", VLOOKUP(I41,'Building Level'!$D$2:$E$100,2,FALSE)) -> 3 | O41: =IF(J41=0,"00",VLOOKUP(J41,'Building Level'!$G$2:$H$100,2,FALSE)) -> 03 | P41: =IF(K41=0,"000",VLOOKUP(K41,'Building Level'!$J$2:$K$200,2,FALSE)) -> 030 | Q41: =IF(L41=0,"000",VLOOKUP(L41,'Building Level'!$M$2:$N$172,2,FALSE)) -> 000 | S41: =N41&"."&O41&"."&P41 -> 3.03.030
I42: Renewal Costs (RC) | J42: Substructure | K42: Basement sides and bottom | N42: =IF(I42=0, "00", VLOOKUP(I42,'Building Level'!$D$2:$E$100,2,FALSE)) -> 3 | O42: =IF(J42=0,"00",VLOOKUP(J42,'Building Level'!$G$2:$H$100,2,FALSE)) -> 02 | P42: =IF(K42=0,"000",VLOOKUP(K42,'Building Level'!$J$2:$K$200,2,FALSE)) -> 030 | Q42: =IF(L42=0,"000",VLOOKUP(L42,'Building Level'!$M$2:$N$172,2,FALSE)) -> 000 | S42: =N42&"."&O42&"."&P42 -> 3.02.030
I43: Maintenance Costs (MC) | J43: Structure | K43: Basement suspended floors (up to top of ground floor slabs) | N43: =IF(I43=0, "00", VLOOKUP(I43,'Building Level'!$D$2:$E$100,2,FALSE)) -> 5 | O43: =IF(J43=0,"00",VLOOKUP(J43,'Building Level'!$G$2:$H$100,2,FALSE)) -> 03 | P43: =IF(K43=0,"000",VLOOKUP(K43,'Building Level'!$J$2:$K$200,2,FALSE)) -> 020 | Q43: =IF(L43=0,"000",VLOOKUP(L43,'Building Level'!$M$2:$N$172,2,FALSE)) -> 000 | S43: =N43&"."&O43&"."&P43 -> 5.03.020
I44: Maintenance Costs (MC) | J44: Structure | K44: Frames and slabs (above top of ground floor slabs) | N44: =IF(I44=0, "00", VLOOKUP(I44,'Building Level'!$D$2:$E$100,2,FALSE)) -> 5 | O44: =IF(J44=0,"00",VLOOKUP(J44,'Building Level'!$G$2:$H$100,2,FALSE)) -> 03 | P44: =IF(K44=0,"000",VLOOKUP(K44,'Building Level'!$J$2:$K$200,2,FALSE)) -> 030 | Q44: =IF(L44=0,"000",VLOOKUP(L44,'Building Level'!$M$2:$N$172,2,FALSE)) -> 000 | S44: =N44&"."&O44&"."&P44 -> 5.03.030
I45: Maintenance Costs (MC) | J45: Substructure | K45: Basement sides and bottom | N45: =IF(I45=0, "00", VLOOKUP(I45,'Building Level'!$D$2:$E$100,2,FALSE)) -> 5 | O45: =IF(J45=0,"00",VLOOKUP(J45,'Building Level'!$G$2:$H$100,2,FALSE)) -> 02 | P45: =IF(K45=0,"000",VLOOKUP(K45,'Building Level'!$J$2:$K$200,2,FALSE)) -> 030 | Q45: =IF(L45=0,"000",VLOOKUP(L45,'Building Level'!$M$2:$N$172,2,FALSE)) -> 000 | S45: =N45&"."&O45&"."&P45 -> 5.02.030
A47: A22 Upper Floor Construction
I48: Construction Costs (CC) | J48: Structure | K48: Frames and slabs (above top of ground floor slabs) | N48: =IF(I48=0, "00", VLOOKUP(I48,'Building Level'!$D$2:$E$100,2,FALSE)) -> 2 | O48: =IF(J48=0,"00",VLOOKUP(J48,'Building Level'!$G$2:$H$100,2,FALSE)) -> 03 | P48: =IF(K48=0,"000",VLOOKUP(K48,'Building Level'!$J$2:$K$200,2,FALSE)) -> 030 | Q48: =IF(L48=0,"000",VLOOKUP(L48,'Building Level'!$M$2:$N$172,2,FALSE)) -> 000 | S48: =N48&"."&O48&"."&P48 -> 2.03.030
I49: Renewal Costs (RC) | J49: Structure | K49: Frames and slabs (above top of ground floor slabs) | N49: =IF(I49=0, "00", VLOOKUP(I49,'Building Level'!$D$2:$E$100,2,FALSE)) -> 3 | O49: =IF(J49=0,"00",VLOOKUP(J49,'Building Level'!$G$2:$H$100,2,FALSE)) -> 03 | P49: =IF(K49=0,"000",VLOOKUP(K49,'Building Level'!$J$2:$K$200,2,FALSE)) -> 030 | Q49: =IF(L49=0,"000",VLOOKUP(L49,'Building Level'!$M$2:$N$172,2,FALSE)) -> 000 | S49: =N49&"."&O49&"."&P49 -> 3.03.030
I50: Maintenance Costs (MC) | J50: Structure | K50: Frames and slabs (above top of ground floor slabs) | N50: =IF(I50=0, "00", VLOOKUP(I50,'Building Level'!$D$2:$E$100,2,FALSE)) -> 5 | O50: =IF(J50=0,"00",VLOOKUP(J50,'Building Level'!$G$2:$H$100,2,FALSE)) -> 03 | P50: =IF(K50=0,"000",VLOOKUP(K50,'Building Level'!$J$2:$K$200,2,FALSE)) -> 030 | Q50: =IF(L50=0,"000",VLOOKUP(L50,'Building Level'!$M$2:$N$172,2,FALSE)) -> 000 | S50: =N50&"."&O50&"."&P50 -> 5.03.030
A51: A23 Roof Construction
I52: Construction Costs (CC) | J52: Structure | K52: Frames and slabs (above top of ground floor slabs) | N52: =IF(I52=0, "00", VLOOKUP(I52,'Building Level'!$D$2:$E$100,2,FALSE)) -> 2 | O52: =IF(J52=0,"00",VLOOKUP(J52,'Building Level'!$G$2:$H$100,2,FALSE)) -> 03 | P52: =IF(K52=0,"000",VLOOKUP(K52,'Building Level'!$J$2:$K$200,2,FALSE)) -> 030 | Q52: =IF(L52=0,"000",VLOOKUP(L52,'Building Level'!$M$2:$N$172,2,FALSE)) -> 000 | S52: =N52&"."&O52&"."&P52 -> 2.03.030
I53: Renewal Costs (RC) | J53: Structure | K53: Frames and slabs (above top of ground floor slabs) | N53: =IF(I53=0, "00", VLOOKUP(I53,'Building Level'!$D$2:$E$100,2,FALSE)) -> 3 | O53: =IF(J53=0,"00",VLOOKUP(J53,'Building Level'!$G$2:$H$100,2,FALSE)) -> 03 | P53: =IF(K53=0,"000",VLOOKUP(K53,'Building Level'!$J$2:$K$200,2,FALSE)) -> 030 | Q53: =IF(L53=0,"000",VLOOKUP(L53,'Building Level'!$M$2:$N$172,2,FALSE)) -> 000 | S53: =N53&"."&O53&"."&P53 -> 3.03.030
I54: Maintenance Costs (MC) | J54: Structure | K54: Frames and slabs (above top of ground floor slabs) | N54: =IF(I54=0, "00", VLOOKUP(I54,'Building Level'!$D$2:$E$100,2,FALSE)) -> 5 | O54: =IF(J54=0,"00",VLOOKUP(J54,'Building Level'!$G$2:$H$100,2,FALSE)) -> 03 | P54: =IF(K54=0,"000",VLOOKUP(K54,'Building Level'!$J$2:$K$200,2,FALSE)) -> 030 | Q54: =IF(L54=0,"000",VLOOKUP(L54,'Building Level'!$M$2:$N$172,2,FALSE)) -> 000 | S54: =N54&"."&O54&"."&P54 -> 5.03.030
A55: A3 Exterior Enclosure
A56: A31 Walls Below Grade
I57: Construction Costs (CC) | J57: Architectural works | Non-structural works | K57: External elevations | N57: =IF(I57=0, "00", VLOOKUP(I57,'Building Level'!$D$2:$E$100,2,FALSE)) -> 2 | O57: =IF(J57=0,"00",VLOOKUP(J57,'Building Level'!$G$2:$H$100,2,FALSE)) -> 04 | P57: =IF(K57=0,"000",VLOOKUP(K57,'Building Level'!$J$2:$K$200,2,FALSE)) -> 020 | Q57: =IF(L57=0,"000",VLOOKUP(L57,'Building Level'!$M$2:$N$172,2,FALSE)) -> 000 | S57: =N57&"."&O57&"."&P57 -> 2.04.020
I58: Construction Costs (CC) | J58: Structure | K58: Frames and slabs (above top of ground floor slabs) | N58: =IF(I58=0, "00", VLOOKUP(I58,'Building Level'!$D$2:$E$100,2,FALSE)) -> 2 | O58: =IF(J58=0,"00",VLOOKUP(J58,'Building Level'!$G$2:$H$100,2,FALSE)) -> 03 | P58: =IF(K58=0,"000",VLOOKUP(K58,'Building Level'!$J$2:$K$200,2,FALSE)) -> 030 | Q58: =IF(L58=0,"000",VLOOKUP(L58,'Building Level'!$M$2:$N$172,2,FALSE)) -> 000 | S58: =N58&"."&O58&"."&P58 -> 2.03.030
I59: Renewal Costs (RC) | J59: Architectural works | Non-structural works | K59: External elevations | N59: =IF(I59=0, "00", VLOOKUP(I59,'Building Level'!$D$2:$E$100,2,FALSE)) -> 3 | O59: =IF(J59=0,"00",VLOOKUP(J59,'Building Level'!$G$2:$H$100,2,FALSE)) -> 04 | P59: =IF(K59=0,"000",VLOOKUP(K59,'Building Level'!$J$2:$K$200,2,FALSE)) -> 020 | Q59: =IF(L59=0,"000",VLOOKUP(L59,'Building Level'!$M$2:$N$172,2,FALSE)) -> 000 | S59: =N59&"."&O59&"."&P59 -> 3.04.020
I60: Renewal Costs (RC) | J60: Structure | K60: Frames and slabs (above top of ground floor slabs) | N60: =IF(I60=0, "00", VLOOKUP(I60,'Building Level'!$D$2:$E$100,2,FALSE)) -> 3 | O60: =IF(J60=0,"00",VLOOKUP(J60,'Building Level'!$G$2:$H$100,2,FALSE)) -> 03 | P60: =IF(K60=0,"000",VLOOKUP(K60,'Building Level'!$J$2:$K$200,2,FALSE)) -> 030 | Q60: =IF(L60=0,"000",VLOOKUP(L60,'Building Level'!$M$2:$N$172,2,FALSE)) -> 000 | S60: =N60&"."&O60&"."&P60 -> 3.03.030
I61: Maintenance Costs (MC) | J61: Architectural works | Non-structural works | K61: External elevations | N61: =IF(I61=0, "00", VLOOKUP(I61,'Building Level'!$D$2:$E$100,2,FALSE)) -> 5 | O61: =IF(J61=0,"00",VLOOKUP(J61,'Building Level'!$G$2:$H$100,2,FALSE)) -> 04 | P61: =IF(K61=0,"000",VLOOKUP(K61,'Building Level'!$J$2:$K$200,2,FALSE)) -> 020 | Q61: =IF(L61=0,"000",VLOOKUP(L61,'Building Level'!$M$2:$N$172,2,FALSE)) -> 000 | S61: =N61&"."&O61&"."&P61 -> 5.04.020
I62: Maintenance Costs (MC) | J62: Structure | K62: Frames and slabs (above top of ground floor slabs) | N62: =IF(I62=0, "00", VLOOKUP(I62,'Building Level'!$D$2:$E$100,2,FALSE)) -> 5 | O62: =IF(J62=0,"00",VLOOKUP(J62,'Building Level'!$G$2:$H$100,2,FALSE)) -> 03 | P62: =IF(K62=0,"000",VLOOKUP(K62,'Building Level'!$J$2:$K$200,2,FALSE)) -> 030 | Q62: =IF(L62=0,"000",VLOOKUP(L62,'Building Level'!$M$2:$N$172,2,FALSE)) -> 000 | S62: =N62&"."&O62&"."&P62 -> 5.03.030
A63: A32 Walls Above Grade
I64: Construction Costs (CC) | J64: Architectural works | Non-structural works | K64: External elevations | N64: =IF(I64=0, "00", VLOOKUP(I64,'Building Level'!$D$2:$E$100,2,FALSE)) -> 2 | O64: =IF(J64=0,"00",VLOOKUP(J64,'Building Level'!$G$2:$H$100,2,FALSE)) -> 04 | P64: =IF(K64=0,"000",VLOOKUP(K64,'Building Level'!$J$2:$K$200,2,FALSE)) -> 020 | Q64: =IF(L64=0,"000",VLOOKUP(L64,'Building Level'!$M$2:$N$172,2,FALSE)) -> 000 | S64: =N64&"."&O64&"."&P64 -> 2.04.020
I65: Construction Costs (CC) | J65: Structure | K65: Frames and slabs (above top of ground floor slabs) | N65: =IF(I65=0, "00", VLOOKUP(I65,'Building Level'!$D$2:$E$100,2,FALSE)) -> 2 | O65: =IF(J65=0,"00",VLOOKUP(J65,'Building Level'!$G$2:$H$100,2,FALSE)) -> 03 | P65: =IF(K65=0,"000",VLOOKUP(K65,'Building Level'!$J$2:$K$200,2,FALSE)) -> 030 | Q65: =IF(L65=0,"000",VLOOKUP(L65,'Building Level'!$M$2:$N$172,2,FALSE)) -> 000 | S65: =N65&"."&O65&"."&P65 -> 2.03.030
I66: Renewal Costs (RC) | J66: Architectural works | Non-structural works | K66: External elevations | N66: =IF(I66=0, "00", VLOOKUP(I66,'Building Level'!$D$2:$E$100,2,FALSE)) -> 3 | O66: =IF(J66=0,"00",VLOOKUP(J66,'Building Level'!$G$2:$H$100,2,FALSE)) -> 04 | P66: =IF(K66=0,"000",VLOOKUP(K66,'Building Level'!$J$2:$K$200,2,FALSE)) -> 020 | Q66: =IF(L66=0,"000",VLOOKUP(L66,'Building Level'!$M$2:$N$172,2,FALSE)) -> 000 | S66: =N66&"."&O66&"."&P66 -> 3.04.020
I67: Renewal Costs (RC) | J67: Structure | K67: Frames and slabs (above top of ground floor slabs) | N67: =IF(I67=0, "00", VLOOKUP(I67,'Building Level'!$D$2:$E$100,2,FALSE)) -> 3 | O67: =IF(J67=0,"00",VLOOKUP(J67,'Building Level'!$G$2:$H$100,2,FALSE)) -> 03 | P67: =IF(K67=0,"000",VLOOKUP(K67,'Building Level'!$J$2:$K$200,2,FALSE)) -> 030 | Q67: =IF(L67=0,"000",VLOOKUP(L67,'Building Level'!$M$2:$N$172,2,FALSE)) -> 000 | S67: =N67&"."&O67&"."&P67 -> 3.03.030
I68: Maintenance Costs (MC) | J68: Architectural works | Non-structural works | K68: External elevations | N68: =IF(I68=0, "00", VLOOKUP(I68,'Building Level'!$D$2:$E$100,2,FALSE)) -> 5 | O68: =IF(J68=0,"00",VLOOKUP(J68,'Building Level'!$G$2:$H$100,2,FALSE)) -> 04 | P68: =IF(K68=0,"000",VLOOKUP(K68,'Building Level'!$J$2:$K$200,2,FALSE)) -> 020 | Q68: =IF(L68=0,"000",VLOOKUP(L68,'Building Level'!$M$2:$N$172,2,FALSE)) -> 000 | S68: =N68&"."&O68&"."&P68 -> 5.04.020
I69: Maintenance Costs (MC) | J69: Structure | K69: Frames and slabs (above top of ground floor slabs) | N69: =IF(I69=0, "00", VLOOKUP(I69,'Building Level'!$D$2:$E$100,2,FALSE)) -> 5 | O69: =IF(J69=0,"00",VLOOKUP(J69,'Building Level'!$G$2:$H$100,2,FALSE)) -> 03 | P69: =IF(K69=0,"000",VLOOKUP(K69,'Building Level'!$J$2:$K$200,2,FALSE)) -> 030 | Q69: =IF(L69=0,"000",VLOOKUP(L69,'Building Level'!$M$2:$N$172,2,FALSE)) -> 000 | S69: =N69&"."&O69&"."&P69 -> 5.03.030
A70: A33 Windows & Entrances
I71: Construction Costs (CC) | J71: Architectural works | Non-structural works | K71: External elevations | N71: =IF(I71=0, "00", VLOOKUP(I71,'Building Level'!$D$2:$E$100,2,FALSE)) -> 2 | O71: =IF(J71=0,"00",VLOOKUP(J71,'Building Level'!$G$2:$H$100,2,FALSE)) -> 04 | P71: =IF(K71=0,"000",VLOOKUP(K71,'Building Level'!$J$2:$K$200,2,FALSE)) -> 020 | Q71: =IF(L71=0,"000",VLOOKUP(L71,'Building Level'!$M$2:$N$172,2,FALSE)) -> 000 | S71: =N71&"."&O71&"."&P71 -> 2.04.020
I72: Renewal Costs (RC) | J72: Architectural works | Non-structural works | K72: External elevations | N72: =IF(I72=0, "00", VLOOKUP(I72,'Building Level'!$D$2:$E$100,2,FALSE)) -> 3 | O72: =IF(J72=0,"00",VLOOKUP(J72,'Building Level'!$G$2:$H$100,2,FALSE)) -> 04 | P72: =IF(K72=0,"000",VLOOKUP(K72,'Building Level'!$J$2:$K$200,2,FALSE)) -> 020 | Q72: =IF(L72=0,"000",VLOOKUP(L72,'Building Level'!$M$2:$N$172,2,FALSE)) -> 000 | S72: =N72&"."&O72&"."&P72 -> 3.04.020
I73: Maintenance Costs (MC) | J73: Architectural works | Non-structural works | K73: External elevations | N73: =IF(I73=0, "00", VLOOKUP(I73,'Building Level'!$D$2:$E$100,2,FALSE)) -> 5 | O73: =IF(J73=0,"00",VLOOKUP(J73,'Building Level'!$G$2:$H$100,2,FALSE)) -> 04 | P73: =IF(K73=0,"000",VLOOKUP(K73,'Building Level'!$J$2:$K$200,2,FALSE)) -> 020 | Q73: =IF(L73=0,"000",VLOOKUP(L73,'Building Level'!$M$2:$N$172,2,FALSE)) -> 000 | S73: =N73&"."&O73&"."&P73 -> 5.04.020
A74: A34 Roof Coverings
I75: Construction Costs (CC) | J75: Architectural works | Non-structural works | K75: Roof finishes, skylights and landscaping (including waterproofing and insulation) | N75: =IF(I75=0, "00", VLOOKUP(I75,'Building Level'!$D$2:$E$100,2,FALSE)) -> 2 | O75: =IF(J75=0,"00",VLOOKUP(J75,'Building Level'!$G$2:$H$100,2,FALSE)) -> 04 | P75: =IF(K75=0,"000",VLOOKUP(K75,'Building Level'!$J$2:$K$200,2,FALSE)) -> 030 | Q75: =IF(L75=0,"000",VLOOKUP(L75,'Building Level'!$M$2:$N$172,2,FALSE)) -> 000 | S75: =N75&"."&O75&"."&P75 -> 2.04.030
I76: Renewal Costs (RC) | J76: Architectural works | Non-structural works | K76: Roof finishes, skylights and landscaping (including waterproofing and insulation) | N76: =IF(I76=0, "00", VLOOKUP(I76,'Building Level'!$D$2:$E$100,2,FALSE)) -> 3 | O76: =IF(J76=0,"00",VLOOKUP(J76,'Building Level'!$G$2:$H$100,2,FALSE)) -> 04 | P76: =IF(K76=0,"000",VLOOKUP(K76,'Building Level'!$J$2:$K$200,2,FALSE)) -> 030 | Q76: =IF(L76=0,"000",VLOOKUP(L76,'Building Level'!$M$2:$N$172,2,FALSE)) -> 000 | S76: =N76&"."&O76&"."&P76 -> 3.04.030
I77: Maintenance Costs (MC) | J77: Architectural works | Non-structural works | K77: Roof finishes, skylights and landscaping (including waterproofing and insulation) | N77: =IF(I77=0, "00", VLOOKUP(I77,'Building Level'!$D$2:$E$100,2,FALSE)) -> 5 | O77: =IF(J77=0,"00",VLOOKUP(J77,'Building Level'!$G$2:$H$100,2,FALSE)) -> 04 | P77: =IF(K77=0,"000",VLOOKUP(K77,'Building Level'!$J$2:$K$200,2,FALSE)) -> 030 | Q77: =IF(L77=0,"000",VLOOKUP(L77,'Building Level'!$M$2:$N$172,2,FALSE)) -> 000 | S77: =N77&"."&O77&"."&P77 -> 5.04.030
A78: A35 Projections
I79: Construction Costs (CC) | J79: Architectural works | Non-structural works | K79: Fittings and sundries | N79: =IF(I79=0, "00", VLOOKUP(I79,'Building Level'!$D$2:$E$100,2,FALSE)) -> 2 | O79: =IF(J79=0,"00",VLOOKUP(J79,'Building Level'!$G$2:$H$100,2,FALSE)) -> 04 | P79: =IF(K79=0,"000",VLOOKUP(K79,'Building Level'!$J$2:$K$200,2,FALSE)) -> 010 | Q79: =IF(L79=0,"000",VLOOKUP(L79,'Building Level'!$M$2:$N$172,2,FALSE)) -> 000 | S79: =N79&"."&O79&"."&P79 -> 2.04.010
I80: Construction Costs (CC) | J80: Architectural works | Non-structural works | K80: External elevations | N80: =IF(I80=0, "00", VLOOKUP(I80,'Building Level'!$D$2:$E$100,2,FALSE)) -> 2 | O80: =IF(J80=0,"00",VLOOKUP(J80,'Building Level'!$G$2:$H$100,2,FALSE)) -> 04 | P80: =IF(K80=0,"000",VLOOKUP(K80,'Building Level'!$J$2:$K$200,2,FALSE)) -> 020 | Q80: =IF(L80=0,"000",VLOOKUP(L80,'Building Level'!$M$2:$N$172,2,FALSE)) -> 000 | S80: =N80&"."&O80&"."&P80 -> 2.04.020
I81: Construction Costs (CC) | J81: Structure | K81: Frames and slabs (above top of ground floor slabs) | N81: =IF(I81=0, "00", VLOOKUP(I81,'Building Level'!$D$2:$E$100,2,FALSE)) -> 2 | O81: =IF(J81=0,"00",VLOOKUP(J81,'Building Level'!$G$2:$H$100,2,FALSE)) -> 03 | P81: =IF(K81=0,"000",VLOOKUP(K81,'Building Level'!$J$2:$K$200,2,FALSE)) -> 030 | Q81: =IF(L81=0,"000",VLOOKUP(L81,'Building Level'!$M$2:$N$172,2,FALSE)) -> 000 | S81: =N81&"."&O81&"."&P81 -> 2.03.030
I82: Construction Costs (CC) | J82: Structure | K82: Tanks, pools, sundries | N82: =IF(I82=0, "00", VLOOKUP(I82,'Building Level'!$D$2:$E$100,2,FALSE)) -> 2 | O82: =IF(J82=0,"00",VLOOKUP(J82,'Building Level'!$G$2:$H$100,2,FALSE)) -> 03 | P82: =IF(K82=0,"000",VLOOKUP(K82,'Building Level'!$J$2:$K$200,2,FALSE)) -> 040 | Q82: =IF(L82=0,"000",VLOOKUP(L82,'Building Level'!$M$2:$N$172,2,FALSE)) -> 000 | S82: =N82&"."&O82&"."&P82 -> 2.03.040
I83: Renewal Costs (RC) | J83: Architectural works | Non-structural works | K83: Fittings and sundries | N83: =IF(I83=0, "00", VLOOKUP(I83,'Building Level'!$D$2:$E$100,2,FALSE)) -> 3 | O83: =IF(J83=0,"00",VLOOKUP(J83,'Building Level'!$G$2:$H$100,2,FALSE)) -> 04 | P83: =IF(K83=0,"000",VLOOKUP(K83,'Building Level'!$J$2:$K$200,2,FALSE)) -> 010 | Q83: =IF(L83=0,"000",VLOOKUP(L83,'Building Level'!$M$2:$N$172,2,FALSE)) -> 000 | S83: =N83&"."&O83&"."&P83 -> 3.04.010
I84: Renewal Costs (RC) | J84: Architectural works | Non-structural works | K84: External elevations | N84: =IF(I84=0, "00", VLOOKUP(I84,'Building Level'!$D$2:$E$100,2,FALSE)) -> 3 | O84: =IF(J84=0,"00",VLOOKUP(J84,'Building Level'!$G$2:$H$100,2,FALSE)) -> 04 | P84: =IF(K84=0,"000",VLOOKUP(K84,'Building Level'!$J$2:$K$200,2,FALSE)) -> 020 | Q84: =IF(L84=0,"000",VLOOKUP(L84,'Building Level'!$M$2:$N$172,2,FALSE)) -> 000 | S84: =N84&"."&O84&"."&P84 -> 3.04.020
I85: Renewal Costs (RC) | J85: Structure | K85: Frames and slabs (above top of ground floor slabs) | N85: =IF(I85=0, "00", VLOOKUP(I85,'Building Level'!$D$2:$E$100,2,FALSE)) -> 3 | O85: =IF(J85=0,"00",VLOOKUP(J85,'Building Level'!$G$2:$H$100,2,FALSE)) -> 03 | P85: =IF(K85=0,"000",VLOOKUP(K85,'Building Level'!$J$2:$K$200,2,FALSE)) -> 030 | Q85: =IF(L85=0,"000",VLOOKUP(L85,'Building Level'!$M$2:$N$172,2,FALSE)) -> 000 | S85: =N85&"."&O85&"."&P85 -> 3.03.030
I86: Renewal Costs (RC) | J86: Structure | K86: Tanks, pools, sundries | N86: =IF(I86=0, "00", VLOOKUP(I86,'Building Level'!$D$2:$E$100,2,FALSE)) -> 3 | O86: =IF(J86=0,"00",VLOOKUP(J86,'Building Level'!$G$2:$H$100,2,FALSE)) -> 03 | P86: =IF(K86=0,"000",VLOOKUP(K86,'Building Level'!$J$2:$K$200,2,FALSE)) -> 040 | Q86: =IF(L86=0,"000",VLOOKUP(L86,'Building Level'!$M$2:$N$172,2,FALSE)) -> 000 | S86: =N86&"."&O86&"."&P86 -> 3.03.040
I87: Maintenance Costs (MC) | J87: Architectural works | Non-structural works | K87: Fittings and sundries | N87: =IF(I87=0, "00", VLOOKUP(I87,'Building Level'!$D$2:$E$100,2,FALSE)) -> 5 | O87: =IF(J87=0,"00",VLOOKUP(J87,'Building Level'!$G$2:$H$100,2,FALSE)) -> 04 | P87: =IF(K87=0,"000",VLOOKUP(K87,'Building Level'!$J$2:$K$200,2,FALSE)) -> 010 | Q87: =IF(L87=0,"000",VLOOKUP(L87,'Building Level'!$M$2:$N$172,2,FALSE)) -> 000 | S87: =N87&"."&O87&"."&P87 -> 5.04.010
I88: Maintenance Costs (MC) | J88: Architectural works | Non-structural works | K88: External elevations | N88: =IF(I88=0, "00", VLOOKUP(I88,'Building Level'!$D$2:$E$100,2,FALSE)) -> 5 | O88: =IF(J88=0,"00",VLOOKUP(J88,'Building Level'!$G$2:$H$100,2,FALSE)) -> 04 | P88: =IF(K88=0,"000",VLOOKUP(K88,'Building Level'!$J$2:$K$200,2,FALSE)) -> 020 | Q88: =IF(L88=0,"000",VLOOKUP(L88,'Building Level'!$M$2:$N$172,2,FALSE)) -> 000 | S88: =N88&"."&O88&"."&P88 -> 5.04.020
I89: Maintenance Costs (MC) | J89: Structure | K89: Frames and slabs (above top of ground floor slabs) | N89: =IF(I89=0, "00", VLOOKUP(I89,'Building Level'!$D$2:$E$100,2,FALSE)) -> 5 | O89: =IF(J89=0,"00",VLOOKUP(J89,'Building Level'!$G$2:$H$100,2,FALSE)) -> 03 | P89: =IF(K89=0,"000",VLOOKUP(K89,'Building Level'!$J$2:$K$200,2,FALSE)) -> 030 | Q89: =IF(L89=0,"000",VLOOKUP(L89,'Building Level'!$M$2:$N$172,2,FALSE)) -> 000 | S89: =N89&"."&O89&"."&P89 -> 5.03.030
I90: Maintenance Costs (MC) | J90: Structure | K90: Tanks, pools, sundries | N90: =IF(I90=0, "00", VLOOKUP(I90,'Building Level'!$D$2:$E$100,2,FALSE)) -> 5 | O90: =IF(J90=0,"00",VLOOKUP(J90,'Building Level'!$G$2:$H$100,2,FALSE)) -> 03 | P90: =IF(K90=0,"000",VLOOKUP(K90,'Building Level'!$J$2:$K$200,2,FALSE)) -> 040 | Q90: =IF(L90=0,"000",VLOOKUP(L90,'Building Level'!$M$2:$N$172,2,FALSE)) -> 000 | S90: =N90&"."&O90&"."&P90 -> 5.03.040
A92: B Interiors
A93: B1 Partitions & Doors
A94: B11 Partitions
I95: Construction Costs (CC) | J95: Architectural works | Non-structural works | K95: Internal divisions | N95: =IF(I95=0, "00", VLOOKUP(I95,'Building Level'!$D$2:$E$100,2,FALSE)) -> 2 | O95: =IF(J95=0,"00",VLOOKUP(J95,'Building Level'!$G$2:$H$100,2,FALSE)) -> 04 | P95: =IF(K95=0,"000",VLOOKUP(K95,'Building Level'!$J$2:$K$200,2,FALSE)) -> 040 | Q95: =IF(L95=0,"000",VLOOKUP(L95,'Building Level'!$M$2:$N$172,2,FALSE)) -> 000 | S95: =N95&"."&O95&"."&P95 -> 2.04.040
I96: Construction Costs (CC) | J96: Architectural works | Non-structural works | K96: Builder’s work in connection with services | N96: =IF(I96=0, "00", VLOOKUP(I96,'Building Level'!$D$2:$E$100,2,FALSE)) -> 2 | O96: =IF(J96=0,"00",VLOOKUP(J96,'Building Level'!$G$2:$H$100,2,FALSE)) -> 04 | P96: =IF(K96=0,"000",VLOOKUP(K96,'Building Level'!$J$2:$K$200,2,FALSE)) -> 030 | Q96: =IF(L96=0,"000",VLOOKUP(L96,'Building Level'!$M$2:$N$172,2,FALSE)) -> 000 | S96: =N96&"."&O96&"."&P96 -> 2.04.030
I97: Construction Costs (CC) | J97: Structure | K97: Frames and slabs (above top of ground floor slabs) | N97: =IF(I97=0, "00", VLOOKUP(I97,'Building Level'!$D$2:$E$100,2,FALSE)) -> 2 | O97: =IF(J97=0,"00",VLOOKUP(J97,'Building Level'!$G$2:$H$100,2,FALSE)) -> 03 | P97: =IF(K97=0,"000",VLOOKUP(K97,'Building Level'!$J$2:$K$200,2,FALSE)) -> 030 | Q97: =IF(L97=0,"000",VLOOKUP(L97,'Building Level'!$M$2:$N$172,2,FALSE)) -> 000 | S97: =N97&"."&O97&"."&P97 -> 2.03.030
I98: Renewal Costs (RC) | J98: Architectural works | Non-structural works | K98: Internal divisions | N98: =IF(I98=0, "00", VLOOKUP(I98,'Building Level'!$D$2:$E$100,2,FALSE)) -> 3 | O98: =IF(J98=0,"00",VLOOKUP(J98,'Building Level'!$G$2:$H$100,2,FALSE)) -> 04 | P98: =IF(K98=0,"000",VLOOKUP(K98,'Building Level'!$J$2:$K$200,2,FALSE)) -> 040 | Q98: =IF(L98=0,"000",VLOOKUP(L98,'Building Level'!$M$2:$N$172,2,FALSE)) -> 000 | S98: =N98&"."&O98&"."&P98 -> 3.04.040
I99: Renewal Costs (RC) | J99: Architectural works | Non-structural works | K99: Builder’s work in connection with services | N99: =IF(I99=0, "00", VLOOKUP(I99,'Building Level'!$D$2:$E$100,2,FALSE)) -> 3 | O99: =IF(J99=0,"00",VLOOKUP(J99,'Building Level'!$G$2:$H$100,2,FALSE)) -> 04 | P99: =IF(K99=0,"000",VLOOKUP(K99,'Building Level'!$J$2:$K$200,2,FALSE)) -> 030 | Q99: =IF(L99=0,"000",VLOOKUP(L99,'Building Level'!$M$2:$N$172,2,FALSE)) -> 000 | S99: =N99&"."&O99&"."&P99 -> 3.04.030
I100: Renewal Costs (RC) | J100: Structure | K100: Frames and slabs (above top of ground floor slabs) | N100: =IF(I100=0, "00", VLOOKUP(I100,'Building Level'!$D$2:$E$100,2,FALSE)) -> 3 | O100: =IF(J100=0,"00",VLOOKUP(J100,'Building Level'!$G$2:$H$100,2,FALSE)) -> 03 | P100: =IF(K100=0,"000",VLOOKUP(K100,'Building Level'!$J$2:$K$200,2,FALSE)) -> 030 | Q100: =IF(L100=0,"000",VLOOKUP(L100,'Building Level'!$M$2:$N$172,2,FALSE)) -> 000 | S100: =N100&"."&O100&"."&P100 -> 3.03.030
I101: Maintenance Costs (MC) | J101: Architectural works | Non-structural works | K101: Internal divisions | N101: =IF(I101=0, "00", VLOOKUP(I101,'Building Level'!$D$2:$E$100,2,FALSE)) -> 5 | O101: =IF(J101=0,"00",VLOOKUP(J101,'Building Level'!$G$2:$H$100,2,FALSE)) -> 04 | P101: =IF(K101=0,"000",VLOOKUP(K101,'Building Level'!$J$2:$K$200,2,FALSE)) -> 040 | Q101: =IF(L101=0,"000",VLOOKUP(L101,'Building Level'!$M$2:$N$172,2,FALSE)) -> 000 | S101: =N101&"."&O101&"."&P101 -> 5.04.040
I102: Maintenance Costs (MC) | J102: Architectural works | Non-structural works | K102: Builder’s work in connection with services | N102: =IF(I102=0, "00", VLOOKUP(I102,'Building Level'!$D$2:$E$100,2,FALSE)) -> 5 | O102: =IF(J102=0,"00",VLOOKUP(J102,'Building Level'!$G$2:$H$100,2,FALSE)) -> 04 | P102: =IF(K102=0,"000",VLOOKUP(K102,'Building Level'!$J$2:$K$200,2,FALSE)) -> 030 | Q102: =IF(L102=0,"000",VLOOKUP(L102,'Building Level'!$M$2:$N$172,2,FALSE)) -> 000 | S102: =N102&"."&O102&"."&P102 -> 5.04.030
I103: Maintenance Costs (MC) | J103: Structure | K103: Frames and slabs (above top of ground floor slabs) | N103: =IF(I103=0, "00", VLOOKUP(I103,'Building Level'!$D$2:$E$100,2,FALSE)) -> 5 | O103: =IF(J103=0,"00",VLOOKUP(J103,'Building Level'!$G$2:$H$100,2,FALSE)) -> 03 | P103: =IF(K103=0,"000",VLOOKUP(K103,'Building Level'!$J$2:$K$200,2,FALSE)) -> 030 | Q103: =IF(L103=0,"000",VLOOKUP(L103,'Building Level'!$M$2:$N$172,2,FALSE)) -> 000 | S103: =N103&"."&O103&"."&P103 -> 5.03.030
A104: B12 Doors
I105: Construction Costs (CC) | J105: Architectural works | Non-structural works | K105: Internal divisions | N105: =IF(I105=0, "00", VLOOKUP(I105,'Building Level'!$D$2:$E$100,2,FALSE)) -> 2 | O105: =IF(J105=0,"00",VLOOKUP(J105,'Building Level'!$G$2:$H$100,2,FALSE)) -> 04 | P105: =IF(K105=0,"000",VLOOKUP(K105,'Building Level'!$J$2:$K$200,2,FALSE)) -> 040 | Q105: =IF(L105=0,"000",VLOOKUP(L105,'Building Level'!$M$2:$N$172,2,FALSE)) -> 000 | S105: =N105&"."&O105&"."&P105 -> 2.04.040
I106: Renewal Costs (RC) | J106: Architectural works | Non-structural works | K106: Internal divisions | N106: =IF(I106=0, "00", VLOOKUP(I106,'Building Level'!$D$2:$E$100,2,FALSE)) -> 3 | O106: =IF(J106=0,"00",VLOOKUP(J106,'Building Level'!$G$2:$H$100,2,FALSE)) -> 04 | P106: =IF(K106=0,"000",VLOOKUP(K106,'Building Level'!$J$2:$K$200,2,FALSE)) -> 040 | Q106: =IF(L106=0,"000",VLOOKUP(L106,'Building Level'!$M$2:$N$172,2,FALSE)) -> 000 | S106: =N106&"."&O106&"."&P106 -> 3.04.040
...

Sheet Civil Map
I4: Cost Category | J4: Cost Group | K4: Cost Sub-Group | L4: Cost Sub Sub-Group | N4: L2 | O4: L3 | P4: L4 | Q4: L5 | S4: Unique ID | U4: Notes
N5: =IF(I5=0, "00", VLOOKUP(I5,'Civil Level'!$D$2:$E$100,2,FALSE)) -> 00 | O5: =IF(J5=0,"00",VLOOKUP(J5,'Civil Level'!$G$2:$H$100,2,FALSE)) -> 00 | P5: =IF(K5=0,"000",VLOOKUP(K5,'Civil Level'!$J$2:$K$200,2,FALSE)) -> 000 | Q5: =IF(L5=0,"000",VLOOKUP(L5,'Civil Level'!$M$2:$N$172,2,FALSE)) -> 000 | S5: =N5&"."&O5&"."&P5 -> 00.00.000
N6: =IF(I6=0, "00", VLOOKUP(I6,'Civil Level'!$D$2:$E$4,2,FALSE)) -> 00 | O6: =IF(J6=0,"00",VLOOKUP(J6,'Civil Level'!$G$2:$H$17,2,FALSE)) -> 00 | P6: =IF(K6=0,"000",VLOOKUP(K6,'Civil Level'!$J$2:$K$103,2,FALSE)) -> 000 | Q6: =IF(L6=0,"000",VLOOKUP(L6,'Civil Level'!$M$2:$N$172,2,FALSE)) -> 000 | S6: =N6&"."&O6&"."&P6 -> 00.00.000
N7: =IF(I7=0, "00", VLOOKUP(I7,'Civil Level'!$D$2:$E$4,2,FALSE)) -> 00 | O7: =IF(J7=0,"00",VLOOKUP(J7,'Civil Level'!$G$2:$H$17,2,FALSE)) -> 00 | P7: =IF(K7=0,"000",VLOOKUP(K7,'Civil Level'!$J$2:$K$103,2,FALSE)) -> 000 | Q7: =IF(L7=0,"000",VLOOKUP(L7,'Civil Level'!$M$2:$N$172,2,FALSE)) -> 000 | S7: =N7&"."&O7&"."&P7 -> 00.00.000
N8: =IF(I8=0, "00", VLOOKUP(I8,'Civil Level'!$D$2:$E$4,2,FALSE)) -> 00 | O8: =IF(J8=0,"00",VLOOKUP(J8,'Civil Level'!$G$2:$H$17,2,FALSE)) -> 00 | P8: =IF(K8=0,"000",VLOOKUP(K8,'Civil Level'!$J$2:$K$103,2,FALSE)) -> 000 | Q8: =IF(L8=0,"000",VLOOKUP(L8,'Civil Level'!$M$2:$N$172,2,FALSE)) -> 000 | S8: =N8&"."&O8&"."&P8 -> 00.00.000
N9: =IF(I9=0, "00", VLOOKUP(I9,'Civil Level'!$D$2:$E$4,2,FALSE)) -> 00 | O9: =IF(J9=0,"00",VLOOKUP(J9,'Civil Level'!$G$2:$H$17,2,FALSE)) -> 00 | P9: =IF(K9=0,"000",VLOOKUP(K9,'Civil Level'!$J$2:$K$103,2,FALSE)) -> 000 | Q9: =IF(L9=0,"000",VLOOKUP(L9,'Civil Level'!$M$2:$N$172,2,FALSE)) -> 000 | S9: =N9&"."&O9&"."&P9 -> 00.00.000
N10: =IF(I10=0, "00", VLOOKUP(I10,'Civil Level'!$D$2:$E$4,2,FALSE)) -> 00 | O10: =IF(J10=0,"00",VLOOKUP(J10,'Civil Level'!$G$2:$H$17,2,FALSE)) -> 00 | P10: =IF(K10=0,"000",VLOOKUP(K10,'Civil Level'!$J$2:$K$103,2,FALSE)) -> 000 | Q10: =IF(L10=0,"000",VLOOKUP(L10,'Civil Level'!$M$2:$N$172,2,FALSE)) -> 000 | S10: =N10&"."&O10&"."&P10 -> 00.00.000
N11: =IF(I11=0, "00", VLOOKUP(I11,'Civil Level'!$D$2:$E$4,2,FALSE)) -> 00 | O11: =IF(J11=0,"00",VLOOKUP(J11,'Civil Level'!$G$2:$H$17,2,FALSE)) -> 00 | P11: =IF(K11=0,"000",VLOOKUP(K11,'Civil Level'!$J$2:$K$103,2,FALSE)) -> 000 | Q11: =IF(L11=0,"000",VLOOKUP(L11,'Civil Level'!$M$2:$N$172,2,FALSE)) -> 000 | S11: =N11&"."&O11&"."&P11 -> 00.00.000
N12: =IF(I12=0, "00", VLOOKUP(I12,'Civil Level'!$D$2:$E$4,2,FALSE)) -> 00 | O12: =IF(J12=0,"00",VLOOKUP(J12,'Civil Level'!$G$2:$H$17,2,FALSE)) -> 00 | P12: =IF(K12=0,"000",VLOOKUP(K12,'Civil Level'!$J$2:$K$103,2,FALSE)) -> 000 | Q12: =IF(L12=0,"000",VLOOKUP(L12,'Civil Level'!$M$2:$N$172,2,FALSE)) -> 000 | S12: =N12&"."&O12&"."&P12 -> 00.00.000
N13: =IF(I13=0, "00", VLOOKUP(I13,'Civil Level'!$D$2:$E$4,2,FALSE)) -> 00 | O13: =IF(J13=0,"00",VLOOKUP(J13,'Civil Level'!$G$2:$H$17,2,FALSE)) -> 00 | P13: =IF(K13=0,"000",VLOOKUP(K13,'Civil Level'!$J$2:$K$103,2,FALSE)) -> 000 | Q13: =IF(L13=0,"000",VLOOKUP(L13,'Civil Level'!$M$2:$N$172,2,FALSE)) -> 000 | S13: =N13&"."&O13&"."&P13 -> 00.00.000
N14: =IF(I14=0, "00", VLOOKUP(I14,'Civil Level'!$D$2:$E$4,2,FALSE)) -> 00 | O14: =IF(J14=0,"00",VLOOKUP(J14,'Civil Level'!$G$2:$H$17,2,FALSE)) -> 00 | P14: =IF(K14=0,"000",VLOOKUP(K14,'Civil Level'!$J$2:$K$103,2,FALSE)) -> 000 | Q14: =IF(L14=0,"000",VLOOKUP(L14,'Civil Level'!$M$2:$N$172,2,FALSE)) -> 000 | S14: =N14&"."&O14&"."&P14 -> 00.00.000
N15: =IF(I15=0, "00", VLOOKUP(I15,'Civil Level'!$D$2:$E$4,2,FALSE)) -> 00 | O15: =IF(J15=0,"00",VLOOKUP(J15,'Civil Level'!$G$2:$H$17,2,FALSE)) -> 00 | P15: =IF(K15=0,"000",VLOOKUP(K15,'Civil Level'!$J$2:$K$103,2,FALSE)) -> 000 | Q15: =IF(L15=0,"000",VLOOKUP(L15,'Civil Level'!$M$2:$N$172,2,FALSE)) -> 000 | S15: =N15&"."&O15&"."&P15 -> 00.00.000
N16: =IF(I16=0, "00", VLOOKUP(I16,'Civil Level'!$D$2:$E$4,2,FALSE)) -> 00 | O16: =IF(J16=0,"00",VLOOKUP(J16,'Civil Level'!$G$2:$H$17,2,FALSE)) -> 00 | P16: =IF(K16=0,"000",VLOOKUP(K16,'Civil Level'!$J$2:$K$103,2,FALSE)) -> 000 | Q16: =IF(L16=0,"000",VLOOKUP(L16,'Civil Level'!$M$2:$N$172,2,FALSE)) -> 000 | S16: =N16&"."&O16&"."&P16 -> 00.00.000
N17: =IF(I17=0, "00", VLOOKUP(I17,'Civil Level'!$D$2:$E$4,2,FALSE)) -> 00 | O17: =IF(J17=0,"00",VLOOKUP(J17,'Civil Level'!$G$2:$H$17,2,FALSE)) -> 00 | P17: =IF(K17=0,"000",VLOOKUP(K17,'Civil Level'!$J$2:$K$103,2,FALSE)) -> 000 | Q17: =IF(L17=0,"000",VLOOKUP(L17,'Civil Level'!$M$2:$N$172,2,FALSE)) -> 000 | S17: =N17&"."&O17&"."&P17 -> 00.00.000
... N6000: =IF(I6000=0, "00", VLOOKUP(I6000,'Civil Level'!$D$2:$E$4,2,FALSE)) -> 00 | O6000: =IF(J6000=0,"00",VLOOKUP(J6000,'Civil Level'!$G$2:$H$17,2,FALSE)) -> 00 | P6000: =IF(K6000=0,"000",VLOOKUP(K6000,'Civil Level'!$J$2:$K$103,2,FALSE)) -> 000 | Q6000: =IF(L6000=0,"000",VLOOKUP(L6000,'Civil Level'!$M$2:$N$172,2,FALSE)) -> 000 | S6000: =N6000&"."&O6000&"."&P6000 -> 00.00.000
